 Dungeon Crawl Stone Soup version 0.29-a0-1019-g84f7d21838 (webtiles) character file.

Game seed: 2330045257436569304

676244 Sobieck the Archmage (level 27, -7/186 HPs)
             Began as a Deep Elf Earth Elementalist on Aug 10, 2022.
             Was the Champion of Vehumet.
             Mangled by an angel
             ... wielding a +1 sacred scourge of holy wrath
             ... summoned by a seraph
              (27 damage)
             ... on level 1 of the Realm of Zot.
             The game lasted 04:43:35 (82951 turns).

Sobieck the Archmage (Deep Elf Earth Elementalist) Turns: 82951, Time: 04:43:35

Health: -7/186     AC:  9    Str: 15    XL:     27
Magic:  19/65      EV: 25    Int: 48    God:    Vehumet [******]
Gold:   7956       SH: 16    Dex: 19    Spells: 9/80 levels left

rFire   + . .      SeeInvis +   b - staff of earth {!astaff}
rCold   + . .      Faith    .   h - +2 kite shield {rF+}
rNeg    . . .      Spirit   .   s - +2 robe {Archmagi}
rPois   +          Reflect  .   M - +3 crown of Dyrovepreva {rElec Int+2 SInv}
rElec   +          Harm     .   R - +0 cloak of the Lotus Blossom {Str+6 Int+6}
rCorr   .          Rampage  .   k - +3 pair of gloves of the Dropbear {*Corrode Str+4 Int+5 Dex+4}
Will    ++...      Archmagi + + V - +1 pair of boots {Stlth+}
Stlth   +......... Clarity  +   f - amulet of Beemer {RegenMP Stlth+}
HPRegen 0.41/turn               e - ring of magical power
MPRegen 0.79/turn               Z - ring of the Mage {Wiz Archmagi}

@: corroded, glowing, studying 4 skills
A: talons 1, clarity, cold resistance 1, deformed body, deterioration 1, poison
resistance
0: Orb of Zot
}: 4/15 runes: barnacled, slimy, silver, gossamer
a: Renounce Religion


You were on level 1 of the Realm of Zot.
You worshipped Vehumet.
Vehumet was exalted by your worship.
You visited 13 branches of the dungeon, and saw 57 of its levels.
You visited the Abyss 1 time.
You also visited: Sewer, Bailey and Gauntlet.

You collected 13183 gold pieces.
You spent 5227 gold pieces at shops.


Innate Abilities, Weirdness & Mutations

You have sharp toenails.
You possess an exceptional clarity of mind.
Your flesh is cold resistant. (rC+)
Armour fits poorly on your strangely shaped body.
Your body sometimes deteriorates upon taking damage.
Your system is resistant to poisons. (rPois)


   Skills:
 + Level 22.6 Fighting
 - Level 20.0 Dodging
 - Level 2.4 Stealth
 - Level 15.0 Shields
 O Level 27 Spellcasting
 - Level 20.0 Conjurations
 - Level 2.0 Translocations
 - Level 3.1 Transmutations
 - Level 20.0 Fire Magic
 - Level 24.0 Earth Magic
 - Level 3.0 Poison Magic


You had 9 spell levels left.
You knew the following spells:

 Your Spells              Type           Power      Damage    Failure   Level
a - Iron Shot             Conj/Erth      100%       9d18      0%          6
b - Stone Arrow           Conj/Erth      100%       3d13      0%          3
c - Passwall              Tmut/Erth      100%       N/A       0%          2
d - Foxfire               Conj/Fire      100%       2x1d9     0%          1
e - Petrify               Tmut/Erth      100%       N/A       0%          4
f - Poisonous Vapours     Pois/Air       100%       N/A       1%          2
g - Orb of Destruction    Conj           91%        9d20      1%          7
h - Blink                 Tloc           100%       N/A       1%          2
i - Magic Dart            Conj           100%       1d8       0%          1
j - Olgreb's Toxic Radia  Pois           100%       N/A       1%          4
k - Ignition              Fire           91%        3d23      1%          8
l - Irradiate             Conj/Tmut      78%        3d37      1%          5
m - Shatter               Erth           100%       3d71*     1%          9
n - Fire Storm            Conj/Fire      91%        8d23      1%          9
o - Lehudib's Crystal Sp  Conj/Erth      100%       10d22     1%          8

Your spell library contained the following spells:

 Spells                   Type           Power      Damage    Failure   Level
 Sandblast                Erth           100%       2d20      0%          1
 Static Discharge         Conj/Air       100%       3-16/arc  0%          2
 Conjure Flame            Conj/Fire      100%       6-21      0%          3
 Dazzling Flash           Conj/Hex       100%       N/A       0%          3
 Inner Flame              Hex/Fire       100%       N/A       0%          3
 Animate Armour           Summ/Erth      100%       N/A       0%          4
 Flame Wave               Conj/Fire      100%       2d21      0%          4
 Leda's Liquefaction      Hex/Erth       92%        N/A       0%          4
 Fireball                 Conj/Fire      91%        3d33      0%          5
 Iskenderun's Battlesphe  Conj           100%       2d15      0%          5
 Lee's Rapid Deconstruct  Erth           100%       3d45*     0%          5
 Starburst                Conj/Fire      91%        6d23      0%          6
 Apportation              Tloc           100%       N/A       1%          1
 Beastly Appendage        Tmut           100%       N/A       1%          1
 Necrotise                Necr           100%       1d9       1%          1
 Summon Small Mammal      Summ           100%       N/A       1%          1
 Call Imp                 Summ           98%        N/A       1%          2
 Ensorcelled Hibernation  Hex/Ice        100%       N/A       1%          2
 Sublimation of Blood     Necr           98%        N/A       1%          2
 Wereblood                Tmut           100%       N/A       1%          2
 Gell's Gravitas          Tloc           100%       N/A       1%          3
 Ignite Poison            Fire/Tmut/Pois 100%       N/A       1%          3
 Lesser Beckoning         Tloc           100%       N/A       1%          3
 Mephitic Cloud           Conj/Pois/Air  100%       N/A       1%          3
 Ozocubu's Armour         Ice            98%        N/A       1%          3
 Portal Projectile        Hex/Tloc       100%       N/A       1%          3
 Spider Form              Tmut/Pois      100%       N/A       1%          3
 Summon Guardian Golem    Hex/Summ       98%        N/A       1%          3
 Swiftness                Air            98%        N/A       1%          3
 Teleport Other           Tloc           100%       N/A       1%          3
 Tukima's Dance           Hex            98%        N/A       1%          3
 Vampiric Draining        Necr           98%        2d13      1%          3
 Airstrike                Air            49%        2d(7-23)  1%          4
 Anguish                  Hex/Necr       49%        N/A       1%          4
 Animate Dead             Necr           98%        N/A       1%          4
 Cause Fear               Hex            49%        N/A       1%          4
 Corpse Rot               Necr/Pois/Air  100%       N/A       1%          4
 Fulminant Prism          Conj/Hex       76%        3d32      1%          4
 Ice Form                 Ice/Tmut       100%       N/A       1%          4
 Iskenderun's Mystic Bla  Conj/Tloc      100%       2d19      1%          4
 Passage of Golubria      Tloc           100%       N/A       1%          4
 Summon Ice Beast         Ice/Summ       98%        N/A       1%          4
 Summon Lightning Spire   Summ/Air       98%        N/A       1%          4
 Alistair's Intoxication  Tmut/Pois      79%        N/A       1%          5
 Blade Hands              Tmut           60%        N/A       1%          5
 Borgnjor's Vile Clutch   Necr/Erth      92%        N/A       1%          5
 Freezing Cloud           Conj/Ice/Air   69%        6-21      1%          5
 Lightning Bolt           Conj/Air       76%        1d102     1%          5
 Manifold Assault         Tloc           100%       N/A       1%          5
 Yara's Violent Unravell  Hex/Tmut       55%        3d21      1%          5
 Conjure Ball Lightning   Conj/Air       76%        3x3d28    1%          6
 Eringya's Noxious Bog    Tmut/Pois      59%        N/A       1%          6
 Statue Form              Tmut/Erth      100%       N/A       1%          6
 Spellforged Servitor     Conj/Summ      76%        N/A       1%          7
 Summon Forest            Summ/Tloc      53%        N/A       2%          5
 Agony                    Necr           98%        N/A       3%          5
 Metabolic Englaciation   Hex/Ice        49%        N/A       3%          5
 Silence                  Hex/Air        49%        N/A       3%          5
 Summon Mana Viper        Hex/Summ       98%        N/A       3%          5
 Death Channel            Necr           49%        N/A       19%         6
 Simulacrum               Ice/Necr       49%        N/A       19%         6
 Summon Cactus Giant      Summ           49%        N/A       19%         6
 Ozocubu's Refrigeration  Ice            49%        4d18      26%         7
 Dragon Form              Tmut           60%        N/A       28%         7
 Chain Lightning          Conj/Air       76%        3d101     43%         9
 Storm Form               Tmut/Air       55%        N/A       45%         7
 Malign Gateway           Summ/Tloc      53%        N/A       52%         7
 Enfeeble                 Hex            49%        N/A       67%         7
 Haunt                    Necr/Summ      49%        N/A       67%         7
 Monstrous Menagerie      Summ           49%        N/A       67%         7
 Summon Hydra             Summ           49%        N/A       67%         7
 Maxwell's Capacitive Co  Air            49%        ∞         83%         8
 Disjunction              Tloc           56%        N/A       96%         8
 Necromutation            Tmut/Necr      55%        N/A       98%         8
 Borgnjor's Revivificati  Necr           49%        N/A       100%        8
 Discord                  Hex            49%        N/A       100%        8
 Infestation              Necr           49%        N/A       100%        8
 Summon Horrible Things   Summ           49%        N/A       100%        8
 Death's Door             Necr           49%        N/A       100%        9
 Dragon's Call            Summ           49%        N/A       100%        9

Inventory:

Armour
 h - a +2 kite shield of fire resistance (worn)
   (You took it off a vault warden on level 3 of the Vaults)
 k - the +3 pair of gloves of the Dropbear (worn) {*Corrode Str+4 Int+5 Dex+4}
   (You found it on level 2 of the Realm of Zot)

   Str:       It affects your strength (+4).
   Int:       It affects your intelligence (+5).
   Dex:       It affects your dexterity (+4).
   *Corrode:  It may corrode you when you take damage.
 s - a +2 robe of the Archmagi (worn)
   (You took it off Josephine on level 11 of the Dungeon)
 t - a +0 buckler
   (You took it off a gnoll sergeant on level 11 of the Dungeon)
 F - a scarf of repulsion
   (You found it on level 4 of the Spider Nest)
 M - the +3 crown of Dyrovepreva (worn) {rElec Int+2 SInv}
   (You found it on level 7 of the Dungeon)

   Int:       It affects your intelligence (+2).
   rElec:     It insulates you from electricity.
   SInv:      It lets you see invisible.
 R - the +0 cloak of the Lotus Blossom (worn) {Str+6 Int+6}
   (You acquired it on level 1 of the Elven Halls)

   Str:       It affects your strength (+6).
   Int:       It affects your intelligence (+6).
 V - a +1 pair of boots of stealth (worn)
   (You found it on level 5 of the Vaults)
Magical Staves
 a - a staff of conjuration {!a@e2staff}
   (You took it off a kobold on level 10 of the Dungeon)
 b - a staff of earth (weapon) {!astaff}
   (You found it on level 3 of the Lair of Beasts)
 z - a staff of fire {!astaff}
   (You found it on level 5 of the Vaults)
Jewellery
 e - a ring of magical power (left hand)
   (You found it in a Gauntlet)
 f - the amulet of Beemer (around neck) {RegenMP Stlth+}
   (You found it on level 5 of the Pits of Slime)

   [amulet of magic regeneration]

   It increases your rate of magic regeneration.
   Stlth:     It makes you more stealthy.
 p - the ring "Esiybat" {rCorr EV+4}
   (You took it off an ironbound convoker on level 5 of the Vaults)

   [ring of evasion]

   EV:        It affects your evasion (+4).
   rCorr:     It protects you from acid and corrosion.
 q - a ring of protection from cold
   (You took it off a yaktaur on level 3 of the Vaults)
 P - a ring of poison resistance
   (You found it on level 15 of the Dungeon)
 Q - a ring of willpower
   (You took it off a minotaur in a Gauntlet)
 Z - the ring of the Mage (right hand) {Wiz Archmagi}
   (You acquired it on level 2 of the Orcish Mines)

   [ring of wizardry]

   It improves your spell success rate.
   Archmagi:  It increases the power of your magical spells.
Wands
 d - a wand of mindburst (66)
   (You took it off Joseph on level 7 of the Dungeon)
 g - a wand of digging (17)
   (You found it on level 2 of the Lair of Beasts)
 u - a wand of polymorph (40)
   (You found it on level 7 of the Dungeon)
 x - a wand of charming (31)
   (You found it on level 11 of the Dungeon)
 W - a wand of roots (92)
   (You found it on level 5 of the Dungeon)
 Y - a wand of acid (31)
   (You took it off a kobold on level 10 of the Dungeon)
Scrolls
 l - 6 scrolls of silence {!r}
 n - 8 scrolls of fog
 r - 35 scrolls of teleportation {@r4}
 v - 11 scrolls of vulnerability {!r!r}
 w - 16 scrolls of immolation {!r!r}
 A - 4 scrolls of enchant armour
 C - 7 scrolls of magic mapping {!r}
 D - 14 scrolls of fear
 E - 9 scrolls of blinking {!r}
 O - 4 scrolls of summoning
 S - 7 scrolls of enchant weapon
 U - 8 scrolls of poison {!r}
Potions
 c - 13 potions of might
 i - a potion of magic
 j - 11 potions of lignification {!q}
 m - 3 potions of resistance
 o - 16 potions of heal wounds {@q2}
 y - 18 potions of ambrosia
 B - 10 potions of mutation {!q}
 G - 10 potions of brilliance
 H - 9 potions of attraction {!q}
 I - 29 potions of curing {@q1}
 J - 9 potions of haste {@q3}
 K - 5 potions of berserk rage {!q}
 L - 14 potions of flight
 T - 8 potions of cancellation
 X - 8 potions of invisibility
Miscellaneous
 N - a tin of tremorstones (2/2) {throwing}
   (You found it in a Gauntlet)

Dungeon Overview and Level Annotations

Branches:
Dungeon (15/15)            Temple (1/1) D:4            Lair (5/5) D:10
 Shoals (4/4) Lair:3       Spider (4/4) Lair:3        Slime (5/5) Lair:5
    Orc (2/2) D:12            Elf (3/3) Orc:2        Vaults (5/5) D:13
  Crypt (3/3) Vaults:3       Tomb (0/3) Crypt:3      Depths (4/4) D:15
   Hell (visited)             Dis (0/7) Hell            Coc (0/7) Hell
    Zot (5/5) Depths:4      Sewer (visited)          Bailey (visited)
Gauntlet (visited)
    Geh: Hell:1         Tar: Hell:1

Altars:
Cheibriados
Fedhas
Gozag
Kikubaaqudgha
Okawaru
Ru
Sif Muna
Uskayaw
Vehumet
Yredelemnul
Zin
The Shining One
Jiyva

Shops:
D:4 !   D:5 *   D:6 :   D:9 ?   Orc:1 (   Orc:2 :*?!   Elf:3 (   Shoals:2 *
Shoals:3 =   Vaults:1 !=!   Crypt:2 *   Depths:3 *

Portals:
Hell: Depths:1 Depths:2 Depths:3 Depths:4
Abyss: Depths:3 Depths:4
Pandemonium: Depths:1 Depths:2
Ziggurat: Depths:4

Annotations:
Lair:2 2 transporters, exclusion: downstairs
Vaults:1 2 transporters, Newt's ghost, adept KoHu; Vairuzis's ghost, adept PaWr; rgbqcd's ghost, veteran MiBe
Crypt:2 1 runed translucent door
Depths:1 2 runed translucent doors, DungeonMeshi's ghost, adept GrFi
Zot:2 2 transporters

....'....+......##...##..#.......
....#....#...............#.......
....#....#........⌠......#.......
##'#####.###..v#.#.#..#.##.......
##..#######.#.vv.................
.#........................######.
.#.............A..........#......
##...###+##..v#AA.........'......
#...###..##....@A........###'###
#........#..#..)A..............#
#........#......##.##..##......'
#..^.....y......#...#...'......#
#########................#......#
..................#.###.##.......
............##..#######..#....###
...........#......#......#....# #
...........#......#......#....#


You could see a seraph (strong, catching breath), 3 angels, a cherub (summoned,
sheltered), a ghost moth (invisible) and 4 friendly fire vortices.


Message History

Confirm with . or Enter, or press ? or * to list all spells.
Casting: Ignition (mildly dangerous; 1% risk of failure)
Press: ? - help, Dir - look around, f - activate You feel a strong surge of power!
The air bursts into flame!
The fireball engulfs the seraph.
The seraph completely resists.
The fireball engulfs the daeva!!
The fireball engulfs the cherub!
The cherub resists.
The fireball engulfs the angel!
The fireball engulfs the angel!!!
You kill the angel!
The angel dissolves into sparkling lights!
The fireball engulfs the daeva!!!
You kill the daeva!
The daeva dissolves into sparkling lights!
The fireball engulfs the angel!!!
You kill the angel!
The angel dissolves into sparkling lights!
The fireball engulfs the seraph.
The seraph completely resists.
The fireball engulfs the seraph.
The seraph completely resists.
The fireball engulfs the cherub!
The cherub resists.
The fireball engulfs the seraph.
The seraph completely resists.
The fireball engulfs the cherub!
The cherub resists.
The seraph misses you.
The seraph hits you with a +3 great sword of flaming.
The seraph burns you.
The seraph gestures.
The seraph begins to accept its allies' injuries.
Casting: Ignition (mildly dangerous; 1% risk of failure)
Confirm with . or Enter, or press ? or * to list all spells.
Casting: Ignition (mildly dangerous; 1% risk of failure)
Press: ? - help, Dir - look around, f - activate You feel a strong surge of power!
The air bursts into flame!
The fireball engulfs the seraph.
The seraph completely resists.
The fireball engulfs the cherub!
The cherub resists.
The fireball engulfs the cherub!!
The cherub resists.
The fireball engulfs the seraph.
The seraph completely resists.
You block the seraph's attack.
The seraph hits you with a +3 great sword of flaming!!
The seraph burns you.
Your fire vortex hits the seraph.
The cherub is engulfed in blazing flames.
The cherub sings a powerful hymn!
The seraph goes into a battle-frenzy!
Casting: Ignition (mildly dangerous; 1% risk of failure)
Confirm with . or Enter, or press ? or * to list all spells.
Okay, then.
Unknown command.
Casting: Ignition (mildly dangerous; 1% risk of failure)
Confirm with . or Enter, or press ? or * to list all spells.
Aiming: Lehudib's Crystal Spear (mildly dangerous; 1% risk of failure)
Press: ? - help, Shift-Dir - straight line, f - seraph
Aim: a seraph, wielding a +3 great sword of flaming and wearing +2 pearl dragon scales (moderately wounded, strong, haloed, 77% to hit)
You feel a huge surge of power!
The crystal spear hits the seraph!!!
You block the seraph's attack.
The seraph hits you with a +3 great sword of flaming!!
The seraph burns you.
The cherub is engulfed in blazing flames.
The seraph barely misses you.
The seraph hits you with a +3 great sword of flaming!
The seraph burns you.
Casting: Lehudib's Crystal Spear (mildly dangerous; 1% risk of failure)
Confirm with . or Enter, or press ? or * to list all spells.
Aiming: Lehudib's Crystal Spear (mildly dangerous; 1% risk of failure)
Press: ? - help, Shift-Dir - straight line, f/p - seraph
Aim: a seraph, wielding a +3 great sword of flaming and wearing +2 pearl dragon scales (severely wounded, strong, haloed, 77% to hit)
You feel a huge surge of power!
The crystal spear misses the seraph.
The seraph gestures.
The cherub hits you with a +4 flail of flaming!
Your corrosive artefact corrodes you!
The cherub burns you. The cherub misses you.
Unknown command.
Magic courses through your body.
The angel dissolves into sparkling lights!
You block the seraph's attack.
The seraph hits you with a +3 great sword of flaming!!!
* * * LOW HITPOINT WARNING * * *
Your fire vortex hits the angel.
Your fire vortex burns the angel!
A ghost moth comes into view.
The angel hits you with a +1 sacred scourge of holy wrath!
* * * LOW HITPOINT WARNING * * *
You block the angel's attack.
The cherub sings a powerful hymn!
The angels go into a battle-frenzy!
The seraph shouts a warning to its allies!
Casting: Lehudib's Crystal Spear (mildly dangerous; 1% risk of failure)
Confirm with . or Enter, or press ? or * to list all spells.
Aiming: Lehudib's Crystal Spear (mildly dangerous; 1% risk of failure)
Press: ? - help, Shift-Dir - straight line, f/p - seraph
Aim: a seraph, wielding a +3 great sword of flaming and wearing +2 pearl dragon scales (severely wounded, strong, catching its breath, haloed, 77% to hit)
You feel a huge surge of power!
The crystal spear misses the seraph.
The angel completely misses you. You block the angel's attack. x2
The angel hits you with a +1 sacred scourge of holy wrath!!
* * * LOW HITPOINT WARNING * * *
The ghost moth stares at you.
You feel your power leaking away.
The seraph gestures.
The seraph begins to accept its allies' injuries.
The angel hits you with a +1 sacred scourge of holy wrath!
* * * LOW HITPOINT WARNING * * *
Your corrosive artefact corrodes you!
You block the angel's attack.
The angel hits you with a +1 sacred scourge of holy wrath!!
You die...

Skill      XL: |  1  2  3  4  5  6  7  8  9 10 11 12 13 14 15 16 17 18 19 20 21 22 23 24 25 26 27 |
---------------+----------------------------------------------------------------------------------+-----
Earth Magic    | 4 5 6 7 8 10 12 16 20 23 24 | 24.0
Spellcasting   | 4 5 6 7 9 14 17 19 20 22 23 24 27 | 27.0
Conjurations   | 1 2 3 4 6 8 11 12 13 14 17 19 20 | 20.0
Fire Magic     | 1 3 9 13 17 19 20 | 20.0
Transmutations | 3 |  3.1
Poison Magic   | 3 |  3.0
Dodging        | 4 13 16 18 20 | 20.0
Fighting       | 1 4 7 10 11 13 15 17 19 22 | 22.6
Shields        | 1 4 6 8 12 15 | 15.0
Translocations | 2 |  2.0
Stealth        | |  2.4

Action                   |  1- 3 |  4- 6 |  7- 9 | 10-12 | 13-15 | 16-18 | 19-21 | 22-24 | 25-27 || total
-------------------------+-------+-------+-------+-------+-------+-------+-------+-------+-------++-------
Melee: Spear             |    13 |     3 |     6 |       |       |       |       |       |       ||    22
       Staff             |       |       |       |       |       |    15 |       |       |       ||    15
 Fire: Sling             |       |       |     4 |       |       |       |       |       |       ||     4
Throw: Stone             |       |     1 |       |       |       |       |       |       |       ||     1
 Cast: Sandblast         |    56 |   111 |    40 |    33 |     6 |       |       |       |       ||   246
       Stone Arrow       |       |     2 |    66 |   253 |    68 |    24 |     1 |       |       ||   414
       Foxfire           |       |       |    81 |    46 |       |       |       |       |       ||   127
       Petrify           |       |       |     2 |     4 |     1 |       |       |       |       ||     7
       Orb of Destructio |       |       |       |    31 |    59 |    43 |    46 |    19 |    42 ||   240
       Poisonous Vapours |       |       |       |     9 |     1 |     1 |       |       |       ||    11
       Flame Wave        |       |       |       |     4 |       |       |       |       |       ||     4
       Starburst         |       |       |       |       |    40 |     5 |       |       |       ||    45
       Iron Shot         |       |       |       |       |   214 |   296 |   171 |    14 |       ||   695
       Olgreb's Toxic Ra |       |       |       |       |    19 |       |       |       |       ||    19
       Ignition          |       |       |       |       |    23 |   132 |    74 |     9 |     3 ||   241
       Irradiate         |       |       |       |       |       |    13 |     1 |     7 |     4 ||    25
       Shatter           |       |       |       |       |       |     2 |    65 |   409 |   336 ||   812
       Blink             |       |       |       |       |       |     1 |     1 |       |       ||     2
       Fire Storm        |       |       |       |       |       |       |       |    64 |   104 ||   168
       Lehudib's Crystal |       |       |       |       |       |       |       |     1 |    32 ||    33
  Use: Scroll            |       |    12 |     8 |     5 |     9 |     4 |       |     4 |     4 ||    46
       Potion            |       |       |     1 |     7 |     1 |     3 |     4 |     2 |    10 ||    28
 Stab: Sleeping          |     2 |       |       |       |       |       |       |       |       ||     2
       Petrified         |       |       |     3 |       |       |       |       |       |       ||     3
Armor: Robe              |     7 |     6 |     6 |    30 |    25 |    23 |    12 |     4 |    10 ||   123
Dodge: Dodged            |    14 |    53 |    32 |    95 |    71 |    97 |    59 |    30 |    45 ||   496
       Repelled          |       |       |       |       |       |     1 |     5 |     2 |       ||     8
Block: Other             |       |       |       |     9 |       |       |       |       |       ||     9
       Reflection        |       |       |       |     2 |    18 |     6 |       |       |       ||    26
       Buckler           |       |       |       |    10 |    43 |    52 |    13 |     6 |     3 ||   127
       Kite shield       |       |       |       |       |       |       |       |       |    20 ||    20

Levels and vault maps discovered:
D:1:      dpeg_arrival_line_fractal, layout_basic, serial_curves,
          eino_curves_04, eino_curves_01, eino_curves_04
D:2:      layout_loops_ring, minivault_14, minmay_misc_feat_enclosed,
          kennysheep_minor_cross, minmay_close_crescents
D:3:      layout_basic, mainiacjoe_overflow_paths, basic_ecumenical_altar
D:4:      layout_loops_cross, minmay_temple_entry_trees, gup_sewer_entry_spiral,
          serial_shops, nicolae_stop_n_shop_2, minmay_manual_mess
D:5:      layout_gridville, lemuel_doored_altar, serial_shops, shop,
          nicolae_titane
D:6:      layout_loops_cross, nicolae_shop_vocational
D:7:      cheibrodos_wizards_tower, layout_loops_ring, kennysheep_small_spiral,
          uniq_joseph
D:8:      layout_basic, mainiacjoe_overflow_concentric_impassable
D:9:      layout_basic, lemuel_tele_altar, serial_shops, shop, uniq_amaemon
D:10:     layout_small_grid, lair_entry_dummy, enter_bailey_3, minmay_orc_keep
D:11:     layout_basic, serial_corexii_hall, chequers_hall_statues_corner_a,
          corexii_hall_statues_u, uniq_lodul, uniq_josephine, uniq_harold
D:12:     layout_loops_ring, david_orc_2, uniq_maurice, uniq_frances,
          uniq_nessos, uniq_jorgrun, uniq_fannar
D:13:     layout_rooms, skrybe_vaults_entry_preservation,
          hangedman_decor_slide_cut, uniq_snorg
D:14:     layout_gridville, uniq_azrael
D:15:     grunt_enter_depths_magical_seal, layout_irregular_city,
          serial_demonic, serial_demonic_b, serial_demonic_e, serial_demonic_g,
          serial_demonic_f, serial_park_square3 [serial_park_minivault_5x5_4],
          fedhas_altar_2
Temple:   regret_index_temple_chain_breaker
Lair:1:   layout_roguey, basic_altar, grunt_megastairs_4
Lair:2:   gammafunk_worm_tunnel, layout_cellular_growth, ldierk_geyser,
          grunt_megastairs_3
Lair:3:   layout_misc_corridors, elwin_shoals_entry_stream,
          hellmonk_spider_entry_life_and_decay, bobbens_dragon_lair_wall
Lair:4:   layout_layer_cave, gauntlet_entry_generic
Lair:5:   due_jungle_book, layout_misc_corridors, slime_entry_1,
          grunt_megastairs_2, lemuel_fruit_fields
Shoals:1: layout_shoals, uniq_mlioglotl
Shoals:2: layout_shoals, serial_shops, shop_fountains, uniq_polyphemus
Shoals:3: cheibrodos_shoals_three_sisters, layout_shoals, serial_shops,
          nicolae_shop_trees, uniq_louise
Shoals:4: shoals_end_hellmonk_storm_palace [storm_palace_center_square,
          storm_palace_corner_blocked, storm_palace_corner_pillars,
          storm_palace_corner_pillars, storm_palace_corner_altar]
Spider:1: layout_cave_pods, hellmonk_narrow_tunnel, uniq_rupert
Spider:2: layout_spider_delve, nicolae_orb_island, uniq_arachne
Spider:3: layout_spider_delve, uniq_donald
Spider:4: spider_rune_water
Slime:1:  nicolae_slime_pool, layout_caves
Slime:2:  layout_caves
Slime:3:  layout_caves
Slime:4:  layout_caves, nicolae_slime_round_cave
Slime:5
Orc:1:    layout_caves, serial_shops, shop
Orc:2:    st_orc_pillars, layout_caves
Elf:1:    layout_loops_ring, evilmike_minifort, grunt_ministairs_7, nrook_uturn,
          drop_trap, uniq_roxanne
Elf:2:    nicolae_elf_blades_crystal_corner, layout_geoelf_diagonals,
          nicolae_elf_crossing_hall
Elf:3:    elf_hall, layout_loops_cross, serial_shops, shop, library_closet,
          nrook_mini_backslash
Vaults:1: nzn_ghost_randoct, v_pattern_5, hangedman_vaults_stretched_pinwheel,
          nicolae_vaults_network_star, hangedman_vaults_stitches,
          nicolae_vaults_mini_display_case, v_misc_16, grunt_vaults_funnel,
          ontoclasm_vaults_spin, layout_vaults_chaotic_city, serial_shops, shop,
          shop, nicolae_shop_temple_entry_statues_fountains
Vaults:2: vaults_standard_mumra_x, ontoclasm_vaults_ring_small,
          ontoclasm_vaults_pinch, vaults_room_door_hall,
          hangedman_vaults_capsules, nicolae_vaults_gold_heap, v_misc_3,
          v_misc_27, layout_vaults_omnigrid, uniq_zenata
Vaults:3: v_misc_30, v_misc_5, minmay_crypt_entry_simple_corners,
          nicolae_vaults_big_ls, vaults_room_hallway, hangedman_vaults_nodes,
          vaults_room_door_ring, hangedman_vaults_impose, vaults_room_corners,
          vaults_room_boxed, vaults_dpeg_diagonal, vaults_dpeg_encased_lava,
          vaults_dpeg_ring, layout_vaults_omnicross, uniq_nikola,
          uniq_saint_roka, uniq_xtahua, uniq_bai_suzhen
Vaults:4: v_misc_12, v_misc_4, ontoclasm_vaults_shuriken,
          nicolae_vaults_three_branches, v_misc_23, hangedman_vaults_impose,
          nicolae_vaults_little_ls, v_misc_22, hangedman_vaults_locks,
          ontoclasm_vaults_decontamination, hangedman_vaults_maws,
          vaults_mumra_hex, layout_vaults_omnibox, uniq_margery
Vaults:5: serial_shops
Crypt:1:  layout_gridlike, grunt_crypt_arrival_webbed, lemuel_upstairs_altar
Crypt:2:  cheibrodos_crypt_down_in_the_bonehoard, layout_basic,
          ebering_ghost_gozag
Crypt:3:  cryptofortress_bobbens
Depths:1: layout_gridlike, ebering_ghost_disaster_area, hangedman_coc_ice_floe,
          serial_sigils, serial_sigils_hangedman_writhe,
          serial_sigils_hangedman_gut, serial_sigils_hangedman_snap,
          serial_sigils_hangedman_shear, serial_sigils_hangedman_scratch,
          minmay_holes, pan_entry, okawaru_gym_becter
Depths:2: minmay_the_grid_triangle_9x9_recursive_3_mashed
          [minmay_the_grid_triangle_9x9_corruption,
          minmay_the_grid_triangle_9x9_skeleton,
          minmay_the_grid_triangle_9x9_dagger,
          minmay_the_grid_triangle_9x9_prize_top_heavy,
          minmay_the_grid_triangle_9x9_negative_grid,
          minmay_the_grid_triangle_9x9_wacky_v,
          minmay_the_grid_triangle_9x9_warning,
          minmay_the_grid_triangle_9x9_semitri,
          minmay_the_grid_triangle_9x9_shrine], layout_twisted_cross, pan_entry,
          hell_entry, minmay_stone_trees_small, serial_rivers,
          chequers_serial_rivers_micro_e, chequers_serial_rivers_large_a,
          chequers_serial_rivers_room_a, chequers_serial_rivers_room_a,
          nicolae_gozag_cash_rules_everything_around_me
Depths:3: minmay_cut_squares, layout_gridville,
          nicolae_hell_entry_big_baal_hell,
          nicolae_abyss_entry_one_way_or_another, minmay_misc_feat_columns,
          infiniplex_staircase_spiral, kennysheep_random_hallway
Depths:4: hangedman_slaughterboxes, abyss_entry, hell_entry, uniq_mennas
Hell
Zot:1:    layout_gridville
Zot:2:    gammafunk_sealed_library, layout_onion_interference, st_stairs_9
Zot:3:    layout_gridville, grunt_ministairs_9
Zot:4:    layout_gridlike, lemuel_baited_zot_trap
Zot:5:    layout_misc_corridors

Notes
Turn   | Place    | Note
-------+----------+-------------------------------------------
     0 | D:1      | Sobieck the Deep Elf Earth Elementalist began the quest for
                  | the Orb.
     0 | D:1      | Reached XP level 1. HP: 10/10 MP: 6/6
    84 | D:1      | Reached XP level 2. HP: 15/15 MP: 5/8
   289 | D:1      | Reached skill level 4 in Earth Magic
   609 | D:1      | Reached XP level 3. HP: 19/19 MP: 7/10
  1048 | D:2      | Identified the +8 spear "Killer Klown's Foe" {venom, rElec
                  | rC+}
  1606 | D:2      | Reached skill level 4 in Spellcasting
  1923 | D:3      | Reached XP level 4. HP: 24/24 MP: 10/12
  1969 | D:3      | Reached skill level 5 in Earth Magic
  1977 | D:3      | Learned a level 3 spell: Stone Arrow
  1980 | D:3      | Learned a level 2 spell: Passwall
  2061 | D:3      | You pick up a book of Dangerous Friends and begin
                  | reading...
  2061 | D:3      | You add the spells Summon Guardian Golem, Orb of
                  | Destruction and Spellforged Servitor to your library.
  2256 | D:3      | Found a hide-covered altar of Uskayaw.
  2478 | D:3      | Found a faded altar of an unknown god.
  2868 | D:4      | Reached skill level 1 in Conjurations
  2868 | D:4      | Reached XP level 5. HP: 28/28 MP: 10/14
  3009 | D:4      | Reached skill level 5 in Spellcasting
  3014 | D:4      | Found a staircase to the Ecumenical Temple.
  3014 | D:4      | Noticed an ogre
  3082 | D:4      | Found Dozoifips's Distillery.
  3089 | D:4      | Bought a potion of magic for 80 gold pieces
  3089 | D:4      | Bought a potion of haste for 100 gold pieces
  3089 | D:4      | Bought a potion of curing for 30 gold pieces
  3136 | Temple   | Entered the Ecumenical Temple
  3141 | Temple   | Became a worshipper of Vehumet
  3258 | D:4      | Reached skill level 2 in Conjurations
  3265 | D:4      | Found a glowing drain.
  3342 | Sewer    | Entered a sewer
  3499 | Sewer    | Reached XP level 6. HP: 32/32 MP: 11/16
  3708 | Sewer    | Reached skill level 6 in Earth Magic
  4082 | D:4      | Reached * piety under Vehumet
  4082 | D:4      | Offered knowledge of Foxfire by Vehumet.
  4083 | D:4      | Reached skill level 6 in Spellcasting
  4083 | D:4      | Reached skill level 3 in Conjurations
  4242 | D:4      | Reached XP level 7. HP: 36/36 MP: 15/18
  4474 | D:5      | Entered Level 5 of the Dungeon
  4568 | D:5      | Found a sacrificial altar of Ru.
  4574 | D:5      | Found Qeup's General Store.
  4737 | D:5      | Reached skill level 4 in Conjurations
  4848 | D:5      | You pick up a book of the Dragon and begin reading...
  4848 | D:5      | You add the spells Cause Fear, Dragon Form and Dragon's
                  | Call to your library.
  4925 | D:5      | Reached skill level 7 in Spellcasting
  4925 | D:5      | Reached skill level 7 in Earth Magic
  4927 | D:5      | Learned a level 1 spell: Foxfire
  4949 | D:5      | Identified the +9 sling of Voskurchio {flame, rPois}
  5087 | D:6      | Found Fux Himui's Vocational Training.
  5146 | D:6      | Identified the +2 chain mail of Caquhar {MP+9 Dex+4 SInv}
  5258 | D:6      | Reached skill level 1 in Fire Magic
  5354 | D:6      | You pick up a book of Death and begin reading...
  5354 | D:6      | You add the spells Animate Dead, Haunt and Infestation to
                  | your library.
  5485 | D:6      | Reached XP level 8. HP: 41/41 MP: 12/21
  5709 | D:6      | Reached skill level 2 in Fire Magic
  5787 | D:6      | Reached skill level 5 in Conjurations
  5947 | D:6      | Reached ** piety under Vehumet
  6080 | D:4      | Offered knowledge of Scorch by Vehumet.
  6081 | D:4      | Reached skill level 8 in Spellcasting
  6101 | D:4      | Reached skill level 3 in Fire Magic
  6323 | D:7      | Reached skill level 6 in Conjurations
  6323 | D:7      | Reached skill level 8 in Earth Magic
  6405 | D:7      | Noticed Joseph
  6409 | D:7      | Killed Joseph
  6410 | D:7      | Reached skill level 9 in Spellcasting
  6410 | D:7      | Reached XP level 9. HP: 45/45 MP: 10/24
  6648 | D:7      | Noticed a gargoyle
  6655 | D:7      | Found the +3 crown of Dyrovepreva {rElec Int+2 SInv}
  6662 | D:7      | Noticed an orc sorcerer
  7038 | D:8      | Reached skill level 9 in Earth Magic
  7116 | D:8      | Found a blossoming altar of Fedhas.
  7200 | D:8      | Reached skill level 7 in Conjurations
  7442 | D:8      | Noticed a two-headed ogre
  7490 | D:7      | Learned a level 4 spell: Petrify
  7876 | D:8      | Killed a two-headed ogre
  7877 | D:8      | Reached skill level 8 in Conjurations
  7877 | D:8      | Reached skill level 3 in Transmutations
  7877 | D:8      | Reached skill level 10 in Earth Magic
  8514 | D:9      | Reached XP level 10. HP: 50/50 MP: 21/25
  8544 | D:9      | Reached skill level 9 in Conjurations
  8742 | D:7      | Killed a gargoyle
  8788 | D:7      | HP: 10/47 [orc sorcerer/bolt of negative energy (37)]
  8789 | D:7      | Killed an orc sorcerer
  8789 | D:7      | Offered knowledge of Poisonous Vapours by Vehumet.
  8790 | D:7      | Reached skill level 11 in Earth Magic
  8977 | D:9      | Learned a level 2 spell: Poisonous Vapours
  9069 | D:8      | Reached skill level 10 in Conjurations
  9124 | D:9      | Found Meteriv's Magic Scroll Shoppe.
  9240 | D:9      | Found a glowing silver altar of Zin.
  9474 | D:9      | Reached skill level 1 in Poison Magic
  9546 | D:9      | Noticed Amaemon
  9546 | D:9      | Noticed an orange demon
  9772 | D:10     | Entered Level 10 of the Dungeon
  9772 | D:10     | Found a staircase to the Lair.
  9929 | D:10     | Reached skill level 2 in Poison Magic
  9974 | D:10     | Found a flagged portal.
 10053 | Bailey   | Entered a bailey
 10072 | Bailey   | Reached *** piety under Vehumet
 10172 | Bailey   | Learned a level 7 spell: Orb of Destruction
 10197 | Bailey   | Noticed an orc knight
 10210 | Bailey   | Killed an orc knight
 10211 | Bailey   | Reached skill level 12 in Earth Magic
 10211 | Bailey   | Reached skill level 3 in Poison Magic
 10220 | Bailey   | Reached skill level 11 in Conjurations
 10485 | Bailey   | Found a burning altar of Makhleb.
 10493 | Bailey   | Identified the +10 great sword "Veesh" {vorpal, rF+ Str+7
                  | Int-3}
 10732 | D:10     | Offered knowledge of Hailstorm by Vehumet.
 10733 | D:10     | Reached XP level 11. HP: 54/54 MP: 9/26
 10741 | D:10     | HP: 12/54 [efreet/+3 scimitar of flaming (2)]
 11602 | D:10     | Reached skill level 12 in Conjurations
 12031 | D:11     | Noticed an eight-headed hydra
 12033 | D:11     | Noticed a two-headed ogre
 12034 | D:11     | Killed an eight-headed hydra
 12035 | D:11     | Reached skill level 10 in Spellcasting
 12036 | D:11     | Killed a two-headed ogre
 12100 | D:11     | Noticed a two-headed ogre
 12103 | D:11     | Killed a two-headed ogre
 12104 | D:11     | Reached skill level 11 in Spellcasting
 12221 | D:11     | Noticed Lodul
 12226 | D:11     | Killed Lodul
 12227 | D:11     | Reached skill level 12 in Spellcasting
 12693 | D:11     | Identified a +2 robe of the Archmagi
 12693 | D:11     | Noticed Josephine
 12697 | D:11     | Killed Josephine
 12698 | D:11     | Reached skill level 13 in Spellcasting
 13153 | D:11     | Reached **** piety under Vehumet
 13280 | D:11     | Reached skill level 3 in Dodging
 13518 | D:11     | Noticed Harold
 13551 | D:11     | Killed Harold
 13552 | D:11     | Reached skill level 1 in Fighting
 13552 | D:11     | Reached skill level 1 in Shields
 13565 | D:10     | Noticed a two-headed ogre
 13570 | D:10     | Killed a two-headed ogre
 13571 | D:10     | Reached skill level 4 in Dodging
 13571 | D:10     | Reached skill level 14 in Spellcasting
 13766 | D:12     | Noticed a centaur warrior
 13766 | D:12     | Noticed a brown ugly thing
 13805 | Lair:1   | Entered Level 1 of the Lair of Beasts
 13863 | Lair:1   | Offered knowledge of Flame Wave by Vehumet.
 13864 | Lair:1   | Reached XP level 12. HP: 56/61 MP: 24/32
 14143 | Lair:1   | Found a sacrificial altar of Ru.
 14170 | Lair:1   | Reached skill level 2 in Shields
 14172 | Lair:1   | Reached skill level 5 in Dodging
 14172 | Lair:1   | Noticed a five-headed hydra
 14192 | Lair:1   | Killed a five-headed hydra
 14193 | Lair:1   | Reached skill level 2 in Fighting
 14238 | Lair:1   | Learned a level 4 spell: Flame Wave
 14264 | Lair:1   | Reached skill level 6 in Dodging
 14945 | Lair:1   | Reached skill level 3 in Shields
 14947 | Lair:1   | Reached skill level 3 in Fighting
 14947 | Lair:1   | Reached skill level 7 in Dodging
 15575 | Lair:2   | Reached skill level 8 in Dodging
 15868 | Lair:2   | Found a transporter.
 15904 | Lair:2   | Reached skill level 13 in Conjurations
 15990 | Lair:2   | Found a transporter.
 16002 | Lair:2   | Noticed a death yak
 16004 | Lair:2   | Noticed a death yak
 16005 | Lair:2   | Noticed a death yak
 16008 | Lair:2   | Killed a death yak
 16009 | Lair:2   | Reached skill level 4 in Fighting
 16009 | Lair:2   | Reached skill level 9 in Dodging
 16009 | Lair:2   | Reached skill level 4 in Shields
 16253 | Lair:1   | Reached skill level 10 in Dodging
 16351 | Lair:2   | Killed a death yak
 16352 | Lair:2   | Reached skill level 11 in Dodging
 16355 | Lair:2   | Killed a death yak
 16690 | Lair:2   | Reached skill level 12 in Dodging
 17072 | Lair:2   | Reached skill level 13 in Dodging
 17375 | Lair:2   | Reached XP level 13. HP: 37/70 MP: 20/33
 17721 | Lair:3   | You pick up a book of Fire and begin reading...
 17721 | Lair:3   | You add the spells Fireball, Starburst and Ignition to your
                  | library.
 17738 | Lair:3   | Learned a level 6 spell: Starburst
 17926 | Lair:3   | Found a hole to the Spider Nest.
 17939 | Lair:3   | Reached ***** piety under Vehumet
 18024 | Lair:3   | Offered knowledge of Olgreb's Toxic Radiance by Vehumet.
 18030 | Lair:3   | Learned a level 4 spell: Olgreb's Toxic Radiance
 18227 | Lair:3   | Reached skill level 14 in Dodging
 18227 | Lair:3   | Reached skill level 4 in Fire Magic
 18276 | Lair:3   | Found a staircase to the Shoals.
 18477 | Lair:3   | You pick up a book of Armaments and begin reading...
 18477 | Lair:3   | You add the spells Animate Armour and Lehudib's Crystal
                  | Spear to your library.
 18943 | Lair:3   | You pick up a book of Changes and begin reading...
 18943 | Lair:3   | You add the spells Beastly Appendage, Wereblood and Spider
                  | Form to your library.
 18956 | Lair:3   | Reached skill level 5 in Fire Magic
 19249 | Lair:3   | Reached skill level 15 in Dodging
 19419 | Lair:2   | Reached skill level 6 in Fire Magic
 20178 | Lair:3   | Reached skill level 7 in Fire Magic
 20978 | Lair:4   | Found a gate leading to a gauntlet.
 20988 | Gauntlet | Entered a Gauntlet
 20988 | Gauntlet | Found a runed translucent door.
 20988 | Gauntlet | Found a transporter.
 20988 | Gauntlet | Found a runed translucent door.
 20988 | Gauntlet | Found a transporter.
 20994 | Gauntlet | Found a transporter.
 21006 | Gauntlet | Found a transporter.
 21023 | Gauntlet | Found a transporter.
 21023 | Gauntlet | Found a transporter.
 21026 | Gauntlet | Found a transporter.
 21026 | Gauntlet | Found a transporter.
 21029 | Gauntlet | Found a transporter.
 21040 | Gauntlet | Found a transporter.
 21054 | Gauntlet | Found a transporter.
 21064 | Gauntlet | Found a transporter.
 21070 | Gauntlet | Found a transporter.
 21112 | Gauntlet | Found a transporter.
 21260 | Gauntlet | Identified the ring "Joox" {*Corrode Fly AC+4 Str+2}
 21268 | Gauntlet | You pick up a book of Power and begin reading...
 21268 | Gauntlet | You add the spells Iskenderun's Battlesphere and Iron Shot
                  | to your library.
 21278 | Gauntlet | Learned a level 6 spell: Iron Shot
 21435 | Gauntlet | Noticed a minotaur
 21447 | Gauntlet | Killed a minotaur
 21463 | Gauntlet | You add the spells Static Discharge and Corpse Rot to your
                  | library.
 21463 | Gauntlet | Got the Anthology of Transformed Lightning
 21699 | Lair:4   | Reached skill level 16 in Dodging
 21699 | Lair:4   | Reached skill level 8 in Fire Magic
 21770 | Lair:4   | You add the spells Blink, Manifold Assault and Storm Form
                  | to your library.
 21780 | Lair:4   | Learned a level 2 spell: Blink
 22061 | Lair:4   | Identified the +8 quarterstaff of Emomela {vamp, rC+}
 22352 | Lair:4   | Reached skill level 1 in Translocations
 22726 | Lair:5   | Entered Level 5 of the Lair of Beasts
 22740 | Lair:4   | HP: 12/70 [black mamba (14)]
 22742 | Lair:4   | Reached skill level 2 in Translocations
 23084 | Lair:5   | Reached skill level 9 in Fire Magic
 23301 | Lair:5   | Offered knowledge of Freezing Cloud by Vehumet.
 23302 | Lair:5   | Reached XP level 14. HP: 76/76 MP: 34/34
 23307 | Lair:5   | Reached skill level 10 in Fire Magic
 23571 | Lair:5   | Reached skill level 15 in Spellcasting
 23849 | Lair:5   | Found a viscous altar of Jiyva.
 23970 | Lair:5   | Found a staircase to the Slime Pits.
 24255 | Lair:5   | Reached skill level 16 in Spellcasting
 24656 | Lair:5   | Learned a level 8 spell: Ignition
 25130 | D:12     | Reached skill level 17 in Spellcasting
 25250 | D:12     | Noticed Nessos
 25255 | D:12     | Killed Nessos
 25257 | D:12     | Reached skill level 11 in Fire Magic
 25258 | D:12     | Noticed Fannar
 25261 | D:12     | Killed Fannar
 25556 | D:12     | Found a staircase to the Orcish Mines.
 25610 | D:12     | Noticed Maurice
 25611 | D:12     | Killed Maurice
 25622 | D:12     | Noticed Jorgrun
 25625 | D:12     | Killed Jorgrun
 26060 | D:12     | Reached skill level 12 in Fire Magic
 26351 | D:12     | Noticed Frances
 26355 | D:12     | Killed Frances
 26494 | D:13     | Noticed Snorg
 26497 | D:13     | Killed Snorg
 26657 | D:13     | You fall into a shaft and drop 1 floor!
 26718 | D:13     | Reached skill level 13 in Fire Magic
 26718 | D:13     | Offered knowledge of Eringya's Noxious Bog by Vehumet.
 26837 | D:13     | Reached XP level 15. HP: 80/80 MP: 38/38
 27336 | D:13     | Reached skill level 14 in Fire Magic
 27400 | D:13     | Found a gate to the Vaults.
 27827 | D:14     | Noticed Azrael
 28032 | D:14     | Killed Azrael
 28527 | D:14     | You pick up a book of Fire and begin reading...
 28580 | D:15     | Entered Level 15 of the Dungeon
 28624 | D:15     | You pick up a book of Burglary and begin reading...
 28624 | D:15     | You add the spells Ensorcelled Hibernation and Swiftness to
                  | your library.
 28662 | D:15     | Reached skill level 15 in Fire Magic
 29426 | D:15     | Reached skill level 16 in Fire Magic
 29578 | D:15     | Found a staircase to the Depths.
 29752 | D:15     | Found a blossoming altar of Fedhas.
 30107 | Orc:1    | Entered Level 1 of the Orcish Mines
 30438 | Orc:2    | Entered Level 2 of the Orcish Mines
 30442 | Orc:2    | Reached skill level 17 in Fire Magic
 30451 | Orc:2    | Noticed an orc warlord
 30456 | Orc:2    | Killed an orc warlord
 30561 | Orc:2    | Reached ****** piety under Vehumet
 30573 | Orc:2    | Offered knowledge of Ozocubu's Refrigeration by Vehumet.
 30847 | Orc:2    | Identified a +2 robe of the Archmagi (You took it off an
                  | orc sorcerer on level 2 of the Orcish Mines)
 31300 | Orc:2    | Reached XP level 16. HP: 86/86 MP: 26/39
 31405 | Orc:2    | Found Ocei's Distillery.
 31405 | Orc:2    | Found Lyont's Book Shoppe.
 31406 | Orc:2    | Found Pifahiuch's Magic Scroll Shoppe.
 31406 | Orc:2    | Found Ysem's General Store.
 31413 | Orc:2    | Bought a book of Cantrips for 180 gold pieces
 31413 | Orc:2    | You pick up a book of Cantrips and begin reading...
 31413 | Orc:2    | You add the spells Necrotise, Summon Small Mammal and
                  | Apportation to your library.
 31413 | Orc:2    | Bought a book of Blasting for 480 gold pieces
 31413 | Orc:2    | You pick up a book of Blasting and begin reading...
 31413 | Orc:2    | You add the spells Fulminant Prism, Iskenderun's Mystic
                  | Blast and Lee's Rapid Deconstruction to your library.
 31413 | Orc:2    | Bought a book of the Sky for 660 gold pieces
 31413 | Orc:2    | You pick up a book of the Sky and begin reading...
 31413 | Orc:2    | You add the spells Summon Lightning Spire and Maxwell's
                  | Capacitive Coupling to your library.
 31416 | Orc:2    | Bought a scroll of blinking for 97 gold pieces
 31729 | Orc:2    | Found a staircase to the Elven Halls.
 31774 | Orc:1    | Reached skill level 5 in Fighting
 31880 | Orc:1    | Found Zekkig's Antique Weapon Shop.
 32013 | Orc:2    | Offered knowledge of Irradiate by Vehumet.
 32020 | Orc:2    | Learned a level 5 spell: Irradiate
 32557 | Spider:1 | Entered Level 1 of the Spider Nest
 33143 | Spider:1 | Reached skill level 18 in Spellcasting
 33280 | Spider:1 | Reached skill level 17 in Dodging
 33338 | Spider:1 | Reached skill level 6 in Fighting
 33910 | Spider:1 | Noticed Rupert
 33915 | Spider:1 | Killed Rupert
 34518 | Spider:2 | Offered knowledge of Conjure Ball Lightning by Vehumet.
 34619 | Spider:2 | Noticed Arachne
 34841 | Spider:2 | Killed Arachne
 34842 | Spider:2 | Reached skill level 7 in Fighting
 35115 | Spider:2 | You pick up a book of Minor Magic and begin reading...
 35115 | Spider:2 | You add the spells Magic Dart, Call Imp and Mephitic Cloud
                  | to your library.
 35257 | Spider:2 | Reached skill level 19 in Spellcasting
 35378 | Spider:2 | Reached skill level 18 in Dodging
 35860 | Spider:3 | Offered knowledge of Eringya's Noxious Bog by Vehumet.
 35957 | Spider:3 | You add the spells Summon Mana Viper and Silence to your
                  | library.
 35957 | Spider:3 | Got the Tome of Imprecation
 35964 | Spider:3 | Noticed Donald
 35969 | Spider:3 | Killed Donald
 36080 | Spider:3 | Reached XP level 17. HP: 97/97 MP: 42/42
 36435 | Orc:2    | Bought 3 scrolls of acquirement for 2028 gold pieces
 36435 | Orc:2    | Acquired the ring of the Mage {Wiz Archmagi}
 36435 | Orc:2    | Found the ring of the Mage {Wiz Archmagi}
 36467 | Orc:2    | Acquired 690 gold pieces
 36468 | Orc:2    | Acquired 728 gold pieces
 37310 | Spider:3 | Reached skill level 8 in Fighting
 37846 | Spider:4 | Entered Level 4 of the Spider Nest
 38223 | Spider:4 | You pick up a book of Beasts and begin reading...
 38223 | Spider:4 | You add the spells Summon Ice Beast and Monstrous Menagerie
                  | to your library.
 38305 | Spider:4 | You pick up a book of Sloth and begin reading...
 38305 | Spider:4 | You add the spells Metabolic Englaciation and Statue Form
                  | to your library.
 38630 | Spider:4 | Reached skill level 20 in Spellcasting
 38990 | Spider:4 | HP: 20/99 [ghost moth (11)]
 39033 | Spider:4 | Offered knowledge of Fire Storm by Vehumet.
 39033 | Spider:4 | Offered knowledge of Shatter by Vehumet.
 39033 | Spider:4 | Offered knowledge of Chain Lightning by Vehumet.
 39034 | Spider:4 | Reached skill level 19 in Dodging
 39336 | Spider:4 | Identified the +0 leather armour of the Falcon {Fly rElec
                  | rF+ Dex-3}
 39582 | Spider:4 | Reached skill level 9 in Fighting
 39635 | Spider:4 | Got a gossamer rune of Zot
 39842 | Shoals:1 | Entered Level 1 of the Shoals
 40298 | Shoals:1 | You pick up a book of Unlife and begin reading...
 40298 | Shoals:1 | You add the spells Borgnjor's Vile Clutch and Death Channel
                  | to your library.
 40343 | Shoals:1 | You pick up a book of Vapours and begin reading...
 40556 | Shoals:1 | Noticed Mlioglotl
 40560 | Shoals:1 | Killed Mlioglotl
 41660 | Shoals:2 | Noticed Polyphemus
 41663 | Shoals:2 | Killed Polyphemus
 41664 | Shoals:2 | Reached skill level 10 in Fighting
 41730 | Shoals:2 | Found Vamne's General Store.
 42020 | Shoals:3 | Found Koakk's Jewellery Shoppe.
 42138 | Shoals:3 | Reached skill level 20 in Dodging
 42138 | Shoals:3 | Reached XP level 18. HP: 107/107 MP: 44/44
 42294 | Shoals:3 | Noticed Louise
 42302 | Shoals:3 | Killed Louise
 42392 | Shoals:3 | Could not pick up a +5 eveningstar of flaming {macerare=g}
                  | here; ([A]lways) ignore it?
 42446 | Shoals:3 | Reached skill level 21 in Spellcasting
 43325 | Shoals:3 | Learned a level 9 spell: Shatter
 43326 | Shoals:4 | Entered Level 4 of the Shoals
 43809 | Shoals:4 | Reached skill level 22 in Spellcasting
 44066 | Shoals:4 | You add the spells Gell's Gravitas and Teleport Other to
                  | your library.
 44066 | Shoals:4 | Got the Codex of Spelunking and Dislocation
 44070 | Shoals:4 | Got a barnacled rune of Zot
 44072 | Shoals:4 | You add the spells Eringya's Noxious Bog and Necromutation
                  | to your library.
 44072 | Shoals:4 | Got the Cyclopedia of Transforming Geology
 44074 | Shoals:4 | Got Asmodeus's Grimoire of the Coals
 44086 | Shoals:4 | Reached skill level 13 in Earth Magic
 44359 | Shoals:4 | Found a glowing golden altar of the Shining One.
 44535 | Shoals:4 | Reached skill level 14 in Earth Magic
 45098 | Shoals:4 | Reached skill level 15 in Earth Magic
 45543 | Vaults:1 | Entered Level 1 of the Vaults
 46544 | Lair:5   | Reached skill level 16 in Earth Magic
 46791 | D:9      | Killed Amaemon
 46943 | Lair:2   | Identified the ring "Efigiq" {Fly rF- Int+2 Dex+3}
 46947 | Lair:2   | Identified the +0 cloak of Danam {Contam rN++ Slay+5}
 47323 | Vaults:1 | Reached XP level 19. HP: 103/112 MP: 41/47
 47779 | Vaults:1 | Reached skill level 17 in Earth Magic
 48049 | Vaults:1 | Found Feniy's Jewellery Shop.
 48098 | Vaults:1 | Found Ziev's Distillery.
 48106 | Vaults:1 | Bought a potion of cancellation for 144 gold pieces
 48106 | Vaults:1 | Bought a potion of invisibility for 144 gold pieces
 48106 | Vaults:1 | Bought a potion of heal wounds for 90 gold pieces
 48106 | Vaults:1 | Bought a potion of heal wounds for 90 gold pieces
 48106 | Vaults:1 | Bought a potion of heal wounds for 90 gold pieces
 48106 | Vaults:1 | Bought a potion of brilliance for 72 gold pieces
 48291 | Vaults:1 | Bought an amulet of magic regeneration for 390 gold pieces
 48404 | Vaults:1 | Reached skill level 18 in Earth Magic
 48675 | Vaults:1 | Found Hazuola's Distillery.
 48708 | Vaults:1 | Bought 2 potions of magic for 320 gold pieces
 49326 | Vaults:1 | Noticed a dread lich
 49329 | Vaults:1 | Noticed Vairuzis's ghost (adept PaWr)
 49332 | Vaults:1 | Found a transporter.
 49333 | Vaults:1 | Noticed rgbqcd's ghost (veteran MiBe)
 49341 | Vaults:1 | Found a transporter.
 49345 | Vaults:1 | Noticed Newt's ghost (adept KoHu)
 49664 | Vaults:2 | Reached skill level 19 in Earth Magic
 49833 | Vaults:2 | Noticed Zenata
 49840 | Vaults:2 | Killed Zenata
 50490 | Vaults:2 | You fall into a shaft and drop 1 floor!
 50497 | Vaults:3 | Reached skill level 20 in Earth Magic
 50508 | Vaults:3 | Noticed Nikola
 50511 | Vaults:3 | Killed Nikola
 50813 | Vaults:2 | Reached XP level 20. HP: 117/117 MP: 48/48
 50929 | Vaults:2 | Reached skill level 21 in Earth Magic
 52084 | Vaults:3 | Noticed Saint Roka
 52091 | Vaults:3 | Killed Saint Roka
 52294 | Vaults:3 | Noticed Xtahua
 52295 | Vaults:3 | Reached skill level 22 in Earth Magic
 52296 | Vaults:3 | Killed Xtahua
 52332 | Vaults:3 | You pick up a book of Chaos and begin reading...
 52332 | Vaults:3 | You add the spells Conjure Ball Lightning, Disjunction and
                  | Discord to your library.
 52492 | Vaults:3 | Found a staircase to the Crypt.
 52701 | Vaults:3 | Noticed Bai Suzhen
 52708 | Vaults:3 | Killed Bai Suzhen
 52726 | Vaults:3 | You are cast into the Abyss!
 52726 | Abyss:2  | Cast into level 2 of the Abyss (a wizard)
 52790 | Abyss:2  | Noticed a bone dragon
 52794 | Abyss:2  | Killed a bone dragon
 53085 | Abyss:2  | Found a shimmering blue altar of Sif Muna.
 53246 | Abyss:2  | Reached skill level 23 in Earth Magic
 53249 | Vaults:3 | You pass through the gate.
 53249 | Vaults:3 | Escaped the Abyss
 54126 | Vaults:4 | Noticed Margery
 54130 | Vaults:4 | Killed Margery
 54133 | Vaults:4 | a +5 battleaxe of flaming {axe}; +0 shadow dragon scales
                  | {rare}; the human corpse of Margery
 54158 | Vaults:4 | a +5 battleaxe of flaming {axe}; +0 shadow dragon scales
                  | {rare}; the human corpse of Margery
 54158 | Vaults:4 | a +5 battleaxe of flaming {axe}; +0 shadow dragon scales
                  | {rare}; the human corpse of Margery
 54158 | Vaults:4 | Could not pick up +0 shadow dragon scales {rare} here;
                  | ([A]lways) ignore it?
 54158 | Vaults:4 | a +5 battleaxe of flaming {axe}; +0 shadow dragon scales
                  | {rare}; the human corpse of Margery
 54158 | Vaults:4 | Could not pick up +0 shadow dragon scales {rare} here;
                  | ([A]lways) ignore it?
 54166 | Vaults:4 | a +5 battleaxe of flaming {axe}; +0 shadow dragon scales
                  | {rare}; the human corpse of Margery
 54175 | Vaults:4 | You pick up a book of Chaos and begin reading...
 54568 | Vaults:4 | Reached XP level 21. HP: 123/123 MP: 39/49
 55060 | Vaults:5 | Entered Level 5 of the Vaults
 55462 | Vaults:5 | Reached skill level 5 in Shields
 55643 | Vaults:5 | Noticed a golden dragon
 55644 | Vaults:5 | Identified the ring of the Ego {AC+4 Str+3 Int-2}
 55645 | Vaults:5 | Reached skill level 11 in Fighting
 55645 | Vaults:5 | Reached skill level 14 in Conjurations
 55648 | Vaults:5 | Noticed a golden dragon
 55649 | Vaults:5 | Killed a golden dragon
 55650 | Vaults:5 | Reached skill level 23 in Spellcasting
 55653 | Vaults:5 | Killed a golden dragon
 55656 | Vaults:5 | Noticed a dread lich
 55844 | Vaults:5 | Reached skill level 6 in Shields
 55844 | Vaults:5 | Reached skill level 24 in Earth Magic
 55844 | Vaults:5 | Killed a dread lich
 56038 | Vaults:5 | Noticed a golden dragon
 56040 | Vaults:5 | Killed a golden dragon
 56040 | Vaults:5 | Identified +0 gold dragon scales
 56041 | Vaults:5 | Reached XP level 22. HP: 102/131 MP: 51/51
 56180 | Vaults:5 | Reached skill level 15 in Conjurations
 56209 | Vaults:5 | Reached skill level 7 in Shields
 56246 | Vaults:5 | Identified the amulet of Past Mistakes {Faith +Blink}
 56349 | Vaults:5 | Noticed a golden dragon
 56353 | Vaults:5 | Killed a golden dragon
 56835 | Vaults:5 | Identified the +2 mace of Taecuq {holy, Str+6}
 56836 | Vaults:5 | Learned a level 9 spell: Fire Storm
 56838 | Vaults:5 | Identified the +12 mace "Hozedob" {flame, *Slow Fly rElec
                  | Dex+3}
 56838 | Vaults:5 | Identified the ring "Esiybat" {rCorr EV+4}
 56882 | Vaults:5 | You pick up a book of Dangerous Friends and begin
                  | reading...
 56903 | Vaults:5 | Identified the +6 spear of Meoff {pain, *Noise rC+ rCorr
                  | Dex+3}
 56905 | Vaults:5 | Reached skill level 12 in Fighting
 56946 | Vaults:5 | Could not pick up +0 gold dragon scales {rare} here;
                  | ([A]lways) ignore it?
 57024 | Vaults:5 | Got a silver rune of Zot
 57165 | Vaults:5 | Found the +3 robe of Clouds {*Thunder rCloud rElec}
 57166 | Vaults:5 | Identified the +6 scale mail of Beyond {Harm rPois Regen+}
 57171 | Vaults:5 | You pick up a book of Displacement and begin reading...
 57205 | Vaults:5 | Got Cerebov's Compendium of Blows and Bruises
 57346 | Vaults:5 | Acquired 999 gold pieces
 57357 | Vaults:5 | You pick up a book of Flames and begin reading...
 57435 | Vaults:5 | You pick up a book of Spectacle and begin reading...
 57445 | Vaults:5 | You pick up a book of Weapons and begin reading...
 57445 | Vaults:5 | You add the spells Tukima's Dance, Portal Projectile and
                  | Blade Hands to your library.
 57446 | Vaults:5 | Identified the +2 pair of gloves "Puidera" {Drain Str+6}
 58200 | Elf:1    | Entered Level 1 of the Elven Halls
 58345 | Elf:1    | Reached skill level 24 in Spellcasting
 58452 | Elf:1    | Noticed Roxanne
 58454 | Elf:1    | Killed Roxanne
 58611 | Elf:1    | You pick up a book of the Earth and begin reading...
 58736 | Elf:1    | Reached skill level 8 in Shields
 58835 | Elf:1    | Acquired the +0 cloak of the Lotus Blossom {Str+6 Int+6}
 59303 | Elf:2    | Reached skill level 16 in Conjurations
 59612 | Elf:2    | You pick up a book of Maledictions and begin reading...
 59612 | Elf:2    | You add the spells Anguish and Enfeeble to your library.
 60011 | Elf:2    | Found a runed translucent gate.
 60012 | Elf:2    | Found a runed translucent gate.
 60012 | Elf:2    | Found a runed translucent gate.
 60059 | Elf:2    | Reached skill level 13 in Fighting
 60213 | Elf:2    | a +3 quick blade of distortion {!wshortrare=g}; a +0
                  | falchion {long}
 60227 | Elf:2    | Reached skill level 17 in Conjurations
 60316 | Elf:2    | Could not pick up a +3 antimagic double sword {longrare=g}
                  | here; ([A]lways) ignore it?
 60357 | Elf:2    | a +3 quick blade of distortion {!wshortrare=g}; a +0
                  | falchion {long}
 60357 | Elf:2    | a +3 quick blade of distortion {!wshortrare=g}; a +0
                  | falchion {long}
 60357 | Elf:2    | Could not pick up a +3 quick blade of distortion
                  | {!wshortrare=g} here; ([A]lways) ignore it?
 60818 | Elf:3    | Entered Level 3 of the Elven Halls
 60977 | Elf:3    | Reached XP level 23. HP: 140/140 MP: 48/53
 61014 | Elf:3    | You add the spells Ignite Poison and Freezing Cloud to your
                  | library.
 61228 | Elf:3    | Reached skill level 18 in Conjurations
 61400 | Elf:3    | Found Nowe's Antique Weapon Emporium.
 61564 | Elf:3    | Identified the +5 battleaxe "Roihi" {vamp, *Slow rPois
                  | rCorr Int+4}
 61663 | Elf:3    | Identified the +8 dagger of Sin {protect, rElec Will++
                  | Str-5 Int+3}
 61764 | Elf:3    | Reached skill level 18 in Fire Magic
 61794 | Elf:3    | Identified the +5 great sword "Zaesel" {vorpal, rPois
                  | rCorr}
 62013 | Elf:3    | You pick up a book of Storms and begin reading...
 62013 | Elf:3    | You add the spells Airstrike and Lightning Bolt to your
                  | library.
 62018 | Elf:3    | You add the spells Summon Forest and Summon Hydra to your
                  | library.
 62024 | Elf:3    | Found the +0 mask of the Dragon {Will+ Slay+3 SInv}
 62035 | Elf:3    | You pick up a book of Winter and begin reading...
 62035 | Elf:3    | You add the spells Ozocubu's Armour and Simulacrum to your
                  | library.
 62037 | Elf:3    | Got Gaxi's Guidebook on Spatial Jinxing
 62040 | Elf:3    | You pick up a book of Necromancy and begin reading...
 62040 | Elf:3    | You add the spells Vampiric Draining and Agony to your
                  | library.
 62659 | Slime:1  | Entered Level 1 of the Pits of Slime
 63423 | Slime:5  | Entered Level 5 of the Pits of Slime
 63509 | Slime:5  | Gained mutation: You are occasionally teleported next to
                  | monsters. [a shining eye]
 63520 | Slime:5  | Noticed the Royal Jelly
 63522 | Slime:5  | Reached skill level 19 in Conjurations
 63522 | Slime:5  | Reached skill level 19 in Fire Magic
 63524 | Slime:5  | Killed the Royal Jelly
 63767 | Slime:5  | Got a slimy rune of Zot
 63769 | Slime:5  | Got Loijatymn's Omnibus of Hyperbolic Sculpting
 63791 | Slime:5  | You pick up a book of Party Tricks and begin reading...
 63796 | Slime:5  | Identified the +11 halberd "Zeup" {flame, rElec Dex+7}
 63799 | Slime:5  | Identified the amulet of Beemer {RegenMP Stlth+}
 63820 | Slime:5  | You pick up a book of the Dragon and begin reading...
 63826 | Slime:5  | Identified the +1 ring mail of Yesterday {rElec rF- Will+++
                  | Int-4}
 63835 | Slime:5  | Identified the +1 sling of Katwumos {flame, +Blink rF-
                  | Will++ Dex+4}
 63858 | Slime:5  | Identified the +5 dagger of Caphier {distort, *Rage Int+4}
 63861 | Slime:5  | Identified the +10 trident of the Dancing Gods {vorpal,
                  | Stlth+}
 63865 | Slime:5  | Identified the +10 short sword of the Slashing Whale
                  | {speed, MP+9 Str+4}
 64277 | Crypt:1  | Entered Level 1 of the Crypt
 65188 | Crypt:2  | Reached XP level 24. HP: 145/145 MP: 40/53
 65266 | Crypt:2  | Noticed a curse skull
 65267 | Crypt:2  | Killed a curse skull
 65652 | Crypt:2  | Found an opulent altar of Gozag.
 65653 | Crypt:2  | Noticed Kucw's ghost (adept GrFi)
 65653 | Crypt:2  | Found Taturaed's Assorted Antiques.
 65658 | Crypt:2  | Killed Kucw's ghost
 65701 | Crypt:2  | Found a runed translucent door.
 65705 | Crypt:2  | Bought a scroll of blinking for 232 gold pieces
 65780 | Crypt:1  | Found a basalt altar of Yredelemnul.
 66522 | Crypt:2  | Identified the +4 war axe of Conflict {elec, Int+8}
 66554 | Crypt:2  | Found an ancient bone altar of Kikubaaqudgha.
 66569 | Crypt:2  | You pick up a book of Unlife and begin reading...
 66888 | Crypt:3  | Entered Level 3 of the Crypt
 66905 | Crypt:3  | Reached skill level 25 in Spellcasting
 66932 | Crypt:3  | Reached skill level 20 in Fire Magic
 66933 | Crypt:3  | Reached skill level 20 in Conjurations
 66957 | Crypt:3  | Reached skill level 14 in Fighting
 67199 | Crypt:3  | a skeletal warrior comes into view. It is wielding the +8
                  | demon blade "Leech" {vamp, Harm Drain rN+}.
 67223 | Crypt:3  | Noticed an ancient lich
 67227 | Crypt:3  | Killed an ancient lich
 67228 | Crypt:3  | Reached skill level 26 in Spellcasting
 67348 | Crypt:3  | Found a basalt altar of Yredelemnul.
 67497 | Crypt:3  | Found a staircase to the Tomb.
 67853 | Crypt:3  | You pick up a book of the Wilderness and begin reading...
 68354 | Depths:1 | Entered Level 1 of the Depths
 68580 | Depths:1 | Found an iron altar of Okawaru.
 68680 | Depths:1 | Found a large runed translucent door.
 68681 | Depths:1 | Found a large runed translucent door.
 68683 | Depths:1 | Noticed DungeonMeshi's ghost (adept GrFi)
 68776 | Depths:1 | You pick up a book of Vapours and begin reading...
 68957 | Depths:1 | Found a gateway to Hell.
 69074 | Depths:1 | Found a one-way gate leading to the halls of Pandemonium.
 69360 | Depths:1 | Learned a level 1 spell: Magic Dart
 69369 | Depths:1 | Learned a level 8 spell: Lehudib's Crystal Spear
 69383 | Hell     | Entered the Vestibule of Hell
 69383 | Hell     | Noticed Geryon
 69389 | Hell     | Killed Geryon
 69390 | Hell     | Reached skill level 27 in Spellcasting
 69391 | Hell     | Gained mutation: You are partially covered in iridescent
                  | scales. (AC +2) [a cacodemon]
 69713 | Hell     | Found a gateway to the Iron City of Dis.
 69881 | Hell     | Found a gateway to the freezing wastes of Cocytus.
 69904 | Hell     | Reached skill level 15 in Fighting
 69989 | Depths:2 | Reached XP level 25. HP: 155/155 MP: 56/56
 70015 | Depths:2 | Reached skill level 16 in Fighting
 70816 | Depths:2 | Found a blossoming altar of Fedhas.
 71006 | Depths:2 | Identified the +10 trident "Micipsi" {vorpal, rF+ SInv}
 71046 | Depths:2 | Found an opulent altar of Gozag.
 71530 | Depths:3 | Reached skill level 9 in Shields
 72125 | Depths:3 | Found a one-way gate to the infinite horrors of the Abyss.
 72141 | Depths:3 | You pick up a book of Blood and begin reading...
 72193 | Depths:3 | Found Big Baal Hell's Store.
 72195 | Depths:3 | Reached skill level 10 in Shields
 72451 | Depths:3 | You pick up a book of the Moon and begin reading...
 72557 | Depths:3 | You pick up a book of Vapours and begin reading...
 72701 | Depths:4 | Entered Level 4 of the Depths
 72704 | Depths:4 | Noticed a caustic shrike
 72710 | Depths:4 | Killed a caustic shrike
 72847 | Depths:3 | Lost mutation: You are occasionally teleported next to
                  | monsters. [potion of mutation]
 72847 | Depths:3 | Lost mutation: You are partially covered in iridescent
                  | scales. (AC +2) [potion of mutation]
 72847 | Depths:3 | Gained mutation: You have large cloven feet. [potion of
                  | mutation]
 72847 | Depths:3 | Gained mutation: You passively dampen the noise of your
                  | surroundings. [potion of mutation]
 73056 | Depths:4 | Reached skill level 11 in Shields
 73081 | Depths:4 | Noticed a caustic shrike
 73084 | Depths:4 | Killed a caustic shrike
 73096 | Depths:4 | Identified +0 gold dragon scales
 73109 | Depths:4 | Noticed Mennas
 73284 | Depths:4 | Killed Mennas
 73524 | Depths:4 | a +1 buckler of protection; a +0 robe; a +6 quick blade
                  | {shortrare=g}
 73525 | Depths:4 | a +1 buckler of protection; a +0 robe; a +6 quick blade
                  | {shortrare=g}
 73525 | Depths:4 | Could not pick up a +6 quick blade {shortrare=g} here;
                  | ([A]lways) ignore it?
 73525 | Depths:4 | a +1 buckler of protection; a +0 robe; a +6 quick blade
                  | {shortrare=g}
 73525 | Depths:4 | Could not pick up a +6 quick blade {shortrare=g} here;
                  | ([A]lways) ignore it?
 73546 | Depths:4 | Found a gate to the Realm of Zot.
 73549 | Depths:4 | Reached skill level 17 in Fighting
 73592 | Depths:4 | You pick up a book of Dangerous Friends and begin
                  | reading...
 73917 | Depths:4 | Found a one-way gateway to a ziggurat.
 73918 | Depths:4 | Found an iron altar of Okawaru.
 73918 | Depths:4 | Found a radiant altar of Vehumet.
 73973 | Depths:4 | Noticed a juggernaut
 73975 | Depths:4 | Killed a juggernaut
 73976 | Depths:4 | Reached skill level 12 in Shields
 73982 | Depths:4 | Found an iron altar of Okawaru.
 74119 | Depths:4 | Reached XP level 26. HP: 166/166 MP: 56/56
 74161 | Depths:4 | You add the spells Borgnjor's Revivification and Death's
                  | Door to your library.
 74597 | Zot:1    | Entered Level 1 of the Realm of Zot
 75008 | Zot:1    | Reached skill level 13 in Shields
 75564 | Zot:2    | Noticed an orb of fire
 75564 | Zot:2    | Noticed a dread lich
 75566 | Zot:2    | Killed a dread lich
 75567 | Zot:2    | Noticed a curse toe
 75570 | Zot:1    | Gained mutation: You are frail. (-10% HP) [an orb of fire]
 75571 | Zot:1    | Killed an orb of fire
 75750 | Zot:1    | Lost mutation: You passively dampen the noise of your
                  | surroundings. [potion of mutation]
 75750 | Zot:1    | Lost mutation: You are frail. (-10% HP) [potion of
                  | mutation]
 75750 | Zot:1    | Gained mutation: You sometimes lose your temper in combat.
                  | [potion of mutation]
 75750 | Zot:1    | Lost mutation: You have large cloven feet. [potion of
                  | mutation]
 75750 | Zot:1    | Gained mutation: You are partially covered in iridescent
                  | scales. (AC +2) [potion of mutation]
 75751 | Zot:1    | Lost mutation: You sometimes lose your temper in combat.
                  | [potion of mutation]
 75751 | Zot:1    | Lost mutation: You are partially covered in iridescent
                  | scales. (AC +2) [potion of mutation]
 75751 | Zot:1    | Gained mutation: You are somewhat resistant to further
                  | mutation. [potion of mutation]
 75807 | Zot:2    | Noticed a curse toe
 75810 | Zot:2    | Killed a curse toe
 75906 | Zot:2    | Noticed an electric golem
 75915 | Zot:2    | Killed an electric golem
 75996 | Zot:2    | Noticed a curse toe
 75999 | Zot:2    | Killed a curse toe
 76250 | Zot:2    | quicksilver dragon scales {rare}; a quicksilver dragon
                  | skeleton
 76250 | Zot:2    | quicksilver dragon scales {rare}; a quicksilver dragon
                  | skeleton
 76250 | Zot:2    | Could not pick up quicksilver dragon scales {rare} here;
                  | ([A]lways) ignore it?
 76255 | Zot:2    | Reached skill level 14 in Shields
 76268 | Zot:2    | Noticed an orb of fire
 76547 | Zot:2    | Killed an orb of fire
 76578 | Zot:2    | Noticed an ancient lich
 76579 | Zot:2    | Killed an ancient lich
 76599 | Zot:2    | Killed a curse toe
 76637 | Zot:2    | Identified the ring "Erieso Ofa" {rPois rF+ rN+ Dex+4}
 76859 | Zot:2    | Got Cyzeam's Handbook of Ensnaring Combustion
 76860 | Zot:2    | Found a transporter.
 76867 | Zot:2    | Found a shimmering blue altar of Sif Muna.
 76872 | Zot:2    | Reached skill level 18 in Fighting
 77016 | Zot:2    | You pick up a book of Hexes and begin reading...
 77027 | Zot:2    | Identified the +3 pair of gloves of the Dropbear {*Corrode
                  | Str+4 Int+5 Dex+4}
 77041 | Zot:2    | You add the spells Malign Gateway and Summon Horrible
                  | Things to your library.
 77043 | Zot:2    | Got the Compendium of Convocation and Shapeshifting
 77045 | Zot:2    | You pick up a book of Armaments and begin reading...
 77304 | Zot:2    | Found a transporter.
 77380 | Zot:3    | Noticed a curse toe
 77403 | Zot:3    | Noticed a curse toe
 77404 | Zot:3    | Killed a curse toe
 77411 | Zot:3    | Identified +0 gold dragon scales
 77554 | Zot:3    | Reached skill level 15 in Shields
 77670 | Zot:3    | Killed a curse toe
 77947 | Zot:3    | +0 gold dragon scales {rare}; a +0 cloak; a +0 short sword
                  | {short}
 78351 | Zot:3    | You pick up a book of Storms and begin reading...
 78707 | Zot:4    | Reached skill level 19 in Fighting
 78763 | Zot:4    | You pick up a book of Power and begin reading...
 78854 | Zot:4    | Reached XP level 27. HP: 177/177 MP: 44/56
 79069 | Zot:4    | Noticed an orb of fire
 79073 | Zot:4    | Killed an orb of fire
 79225 | Zot:4    | You pick up a book of the Moon and begin reading...
 79872 | Zot:4    | +0 storm dragon scales {rare}; a storm dragon corpse; a
                  | moth of wrath corpse
 79963 | Zot:5    | Entered Level 5 of the Realm of Zot
 80102 | Zot:5    | Noticed an orb of fire
 80166 | Zot:5    | Killed an orb of fire
 80174 | Zot:5    | Noticed a curse toe
 80176 | Zot:5    | Noticed an orb of fire
 80177 | Zot:5    | Killed a curse toe
 80180 | Zot:5    | Killed an orb of fire
 80181 | Zot:5    | Reached skill level 20 in Fighting
 80182 | Zot:5    | Noticed an electric golem
 80434 | Zot:5    | Noticed an orb of fire
 80437 | Zot:5    | Killed an orb of fire
 80441 | Zot:5    | Killed an electric golem
 80751 | Zot:5    | Noticed a dread lich
 80752 | Zot:5    | Noticed an orb of fire
 80753 | Zot:5    | Killed a dread lich
 80756 | Zot:5    | Killed an orb of fire
 80857 | Zot:5    | Noticed an orb of fire
 80860 | Zot:5    | Killed an orb of fire
 80860 | Zot:5    | Noticed an ancient lich
 80863 | Zot:5    | Killed an ancient lich
 80916 | Zot:5    | Noticed an orb of fire
 80919 | Zot:5    | Gained mutation: You occasionally lose the ability to read
                  | scrolls when taking damage. [an orb of fire]
 80920 | Zot:5    | Killed an orb of fire
 81041 | Zot:4    | Lost mutation: You are somewhat resistant to further
                  | mutation. [potion of mutation]
 81041 | Zot:4    | Lost mutation: You occasionally lose the ability to read
                  | scrolls when taking damage. [potion of mutation]
 81041 | Zot:4    | Gained mutation: You are frail. (-10% HP) [potion of
                  | mutation]
 81041 | Zot:4    | Gained mutation: Your spells are a little harder to cast,
                  | but a little more powerful. [potion of mutation]
 81042 | Zot:4    | Lost mutation: Your spells are a little harder to cast, but
                  | a little more powerful. [potion of mutation]
 81042 | Zot:4    | Lost mutation: You are frail. (-10% HP) [potion of
                  | mutation]
 81042 | Zot:4    | Gained mutation: You possess an exceptional clarity of
                  | mind. [potion of mutation]
 81042 | Zot:4    | Gained mutation: Armour fits poorly on your strangely
                  | shaped body. [potion of mutation]
 81042 | Zot:4    | Gained mutation: Your flesh is cold resistant. (rC+)
                  | [potion of mutation]
 81104 | Zot:5    | Noticed an orb of fire
 81106 | Zot:5    | Gained mutation: You occasionally lose the ability to drink
                  | potions when taking damage. [an orb of fire]
 81106 | Zot:5    | Gained mutation: You are weak. (Str -2) [an orb of fire]
 81108 | Zot:5    | Killed an orb of fire
 81111 | Zot:4    | Lost mutation: Armour fits poorly on your strangely shaped
                  | body. [potion of mutation]
 81111 | Zot:4    | Lost mutation: You occasionally lose the ability to drink
                  | potions when taking damage. [potion of mutation]
 81111 | Zot:4    | Gained mutation: Your system is resistant to poisons.
                  | (rPois) [potion of mutation]
 81111 | Zot:4    | Gained mutation: Your body sometimes deteriorates upon
                  | taking damage. [potion of mutation]
 81111 | Zot:4    | Lost mutation: You are weak. (Str -2) [potion of mutation]
 81111 | Zot:4    | Gained mutation: You have sharp toenails. [potion of
                  | mutation]
 81152 | Zot:5    | Noticed an orb of fire
 81157 | Zot:5    | Killed an orb of fire
 81158 | Zot:5    | Reached skill level 21 in Fighting
 81526 | Zot:5    | Noticed an electric golem
 81530 | Zot:5    | Killed an electric golem
 81852 | Zot:5    | Noticed an orb of fire
 81855 | Zot:5    | Gained mutation: Armour fits poorly on your strangely
                  | shaped body. [an orb of fire]
 81857 | Zot:5    | Killed an orb of fire
 82051 | Zot:5    | Noticed an orb of fire
 82056 | Zot:5    | Killed an orb of fire
 82245 | Zot:5    | Noticed an ancient lich
 82247 | Zot:5    | Killed an ancient lich
 82282 | Zot:5    | Noticed an orb of fire
 82284 | Zot:5    | Killed an orb of fire
 82288 | Zot:5    | Reached skill level 22 in Fighting
 82373 | Zot:5    | Noticed an orb of fire
 82378 | Zot:5    | Killed an orb of fire
 82455 | Zot:5    | Noticed an orb of fire
 82458 | Zot:5    | Killed an orb of fire
 82845 | Zot:5    | Got the Orb of Zot
 82942 | Zot:1    | Identified +2 pearl dragon scales
 82942 | Zot:1    | Noticed a seraph
 82951 | Zot:1    | HP: 35/186 [angel/+1 sacred scourge of holy wrath[a seraph]
                  | (27)]
 82951 | Zot:1    | Mangled by an angel

Vanquished Creatures
  the Royal Jelly (Slime:5)
  3 dread liches
  16 orbs of fire
  4 ancient liches
  Mennas (Depths:4)
  A juggernaut (Depths:4)
  Margery (Vaults:4)
  Bai Suzhen (Vaults:3)
  3 Killer Klowns (Zot:5)
  Saint Roka (Vaults:3)
  Geryon (Hell)
  6 curse toes
  Xtahua (Vaults:3)
  12 golden dragons
  2 caustic shrikes (Depths:4)
  Nikola (Vaults:3)
  Arachne (Spider:2)
  2 bone dragons
  The ghost of Kucw the Warrior, an adept GrFi of Cheibriados (Crypt:2)
  3 electric golems
  Zenata (Vaults:2)
  A walking crystal tome (Depths:2)
  Rupert (Spider:1)
  Jorgrun (D:12)
  25 tentacled monstrosities
  Mlioglotl (Shoals:1)
  6 liches
  25 Orb Guardians (Zot:5)
  2 shard shrike skeletons (Crypt:3)
  9 titans
  8 quicksilver dragons
  2 walking frostbound tomes
  11 acid blobs
  2 walking divine tomes (Depths:4)
  2 deep elf blademasters (Elf:3)
  2 deep elf master archers (Elf:3)
  Frances (D:12)
  Polyphemus (Shoals:2)
  6 death cobs
  7 sphinxes
  4 ancient champions (Crypt:2)
  19 storm dragons
  Donald (Spider:3)
  11 shadow dragons
  11 tengu reavers
  5 revenants
  A daeva (Abyss:2)
  Roxanne (Elf:1)
  12 frost giants
  7 draconian knights
  14 azure jellies
  11 fire giants
  7 rockslimes
  6 draconian monks
  8 ghost moths
  11 deep elf sorcerers
  A draconian scorcher (Zot:5)
  A balrug (Hell)
  Louise (Shoals:3)
  5 emperor scorpions
  A curse skull (Crypt:2)
  3 iron dragons
  A cacodemon (Hell)
  21 vault wardens
  3 orc warlords
  7 spriggan defenders
  2 emperor scorpions (shapeshifter) (Vaults:5)
  3 ghouls (Crypt:1)
  A draconian stormcaller (Zot:3)
  An angel (Zot:1)
  4 draconian shifters
  3 deep elf elementalists (Elf:3)
  13 very ugly things
  2 broodmothers (Spider:4)
  2 reapers
  7 draconian annihilators
  A caustic shrike skeleton (Depths:2)
  6 ironbound thunderhulks
  21 ironbound preservers
  6 war gargoyles
  17 stone giants
  7 quicksilver oozes (Slime:5)
  9 vampire knights
  9 green draconians
  Nessos (D:12)
  10 deep elf annihilators
  9 deep elf demonologists
  13 dire elephants
  7 red draconians
  8 black draconians
  3 spark wasps
  5 putrid mouths (Hell)
  A white draconian (Zot:3)
  Azrael (D:14)
  4 yellow draconians
  3 entropy weavers
  Snorg (D:13)
  A purple draconian (Zot:5)
  A minotaur (Gauntlet)
  3 crystal guardians (Crypt:3)
  11 merfolk impalers
  A green death (Hell)
  An iron golem (Hell)
  6 deep elf death magi
  5 eidola
  6 ettins
  6 merfolk javelineers
  A quicksilver dragon zombie (Abyss:2)
  9 fire dragons
  A spriggan zombie (Crypt:3)
  2 rakshasas
  9 ice dragons
  Josephine (D:11)
  9 great orbs of eyes
  8 yaktaur captains
  5 jiangshi
  7 boulder beetles
  6 hydras
  3 deep elf high priests
  Fannar (D:12)
  A jorogumo (Spider:2)
  Harold (D:11)
  A catoblepas (Shoals:2)
  3 ogre magi
  8 ironbound frosthearts
  6 spriggan air magi
  4 radroaches
  38 vault guards
  4 death knights
  18 centaur warriors
  A spriggan skeleton (Crypt:3)
  8 merfolk aquamancers
  8 death yaks
  3 alligator snapping turtles (Shoals:4)
  4 deep troll shamans
  31 dancing weapons
  16 two-headed ogres
  3 tengu warriors
  6 deep troll earth magi
  2 satyrs (Shoals:4)
  6 orc high priests
  4 spriggan berserkers
  5 vampire magi
  4 hell hogs (Hell)
  A thrashing horror (Abyss:2)
  4 titan zombies
  A spriggan (Depths:2)
  6 soul eaters
  A spectral death yak (Lair:5)
  30 deep elf knights
  2 fire crabs (shapeshifter)
  5 sun demons
  6 iron trolls
  44 skeletal warriors
  Amaemon (D:9)
  2 sixfirhies
  20 hell knights
  2 wretched stars (Abyss:2)
  7 pharaoh ants
  Lodul (D:11)
  A shadow wraith (Crypt:2)
  16 sea snakes
  A sun moth (Spider:4)
  A spectral anaconda (Lair:5)
  A deep troll (shapeshifter) (Vaults:5)
  A cherub (Zot:1)
  61 deep trolls
  A sea snake (shapeshifter) (Vaults:5)
  An anaconda zombie (Hell)
  9 steelbarb worms
  12 orb spiders
  4 anaconda skeletons
  2 bog bodies (Crypt:1)
  8 phantasmal warriors
  7 glowing orange brains
  19 ironbound convokers
  12 flayed ghosts
  3 obsidian statues
  6 wizards
  An orb spider (shapeshifter) (Vaults:5)
  16 deep elf archers
  24 necromancers
  17 lindwurms
  23 deep elf zephyrmancers
  An iron dragon zombie (Depths:2)
  17 orc knights
  42 deep elf pyromancers
  17 harpies
  9 orc sorcerers
  14 manticores
  25 wolf spiders
  12 cyclopes
  13 fauns
  15 ugly things
  A stone giant zombie (Crypt:2)
  26 moths of wrath
  Joseph (D:7)
  A frost giant zombie (Depths:2)
  5 shining eyes
  7 merfolk sirens
  2 centaur zombies
  26 elephants
  A fire giant skeleton (Crypt:1)
  A dire elephant zombie (Lair:5)
  6 black mambas
  A naga mage (D:15)
  16 vault sentinels
  11 water nymphs
  4 rust devils
  Maurice (D:12)
  7 eyes of devastation
  3 orange demons
  8 torpor snails
  15 cane toads
  A torpor snail (shapeshifter) (Vaults:5)
  A gargoyle (D:7)
  7 smoke demons
  An elephant slug zombie (Crypt:1)
  7 komodo dragons
  10 rime drakes
  A spark wasp simulacrum (Depths:2)
  3 centaur skeletons
  2 efreet
  A komodo dragon (shapeshifter) (Vaults:5)
  A tengu conjurer (D:13)
  9 ice devils
  36 yaktaurs
  2 ancient zymes (Abyss:2)
  9 freezing wraiths
  11 demonic crawlers
  2 dire elephant skeletons (Crypt:3)
  4 kobold demonologists
  2 red devils (D:15)
  A mana viper zombie (Crypt:1)
  4 hellwings
  A meliai (shapeshifter) (Elf:1)
  A black draconian skeleton (Crypt:1)
  8 trolls
  A hydra zombie (Hell)
  10 wind drakes
  A sea snake skeleton (Hell)
  A wolf spider simulacrum (Gauntlet)
  A polar bear (Lair:3)
  6 meliai
  2 harpy zombies
  17 merfolk
  25 tarantellas
  7 hornets
  A harpy skeleton (Abyss:2)
  7 blink frogs
  A mana viper skeleton (Crypt:2)
  7 dream sheep
  115 slime creatures
  A slime creature (shapeshifter) (Depths:3)
  A dream sheep (shapeshifter) (Vaults:5)
  A hydra skeleton (Hell)
  A fire dragon zombie (Crypt:3)
  6 raiju (Abyss:2)
  A death drake skeleton (Crypt:1)
  7 snapping turtles
  9 air elementals
  25 jumping spiders
  22 culicivoras
  A shadow (D:9)
  3 centaur simulacra
  6 small abominations (Abyss:2)
  An ettin skeleton (Crypt:3)
  48 flying skulls
  A spriggan (shapeshifter) (D:13)
  10 starcursed masses (Abyss:2)
  26 water elementals
  A vampire (Abyss:2)
  2 dire elephant simulacra
  A naga simulacrum (Crypt:1)
  4 wyverns
  7 fire bats
  55 yaks
  5 basilisks
  A basilisk (shapeshifter) (Gauntlet)
  2 neqoxecs (Abyss:2)
  5 fire elementals
  7 golden eyes
  A chaos spawn (Abyss:2)
  9 wraiths
  A hog (shapeshifter) (Vaults:2)
  15 steam dragons
  A harpy simulacrum (Crypt:1)
  2 spectral cane toads (Lair:5)
  A swamp worm (shapeshifter) (Depths:4)
  A glowing orange brain zombie (Crypt:2)
  2 swamp worms (Lair:2)
  60 redbacks
  A wind drake skeleton (Crypt:1)
  4 acid dragons
  2 wargs (Orc:2)
  11 water moccasins
  6 hell hounds
  3 naga skeletons
  2 floating eyes
  4 large abominations (Abyss:2)
  A hydra simulacrum (Hell)
  An ice beast (shapeshifter) (Depths:4)
  48 orc warriors
  A snapping turtle zombie (Crypt:1)
  A meliai simulacrum (D:15)
  2 black bears
  2 ice beasts (D:8)
  21 ogres
  3 sky beasts
  7 boggarts
  A lindwurm zombie (Crypt:2)
  8 centaurs
  13 wolves
  An elephant skeleton (Lair:5)
  13 kobold brigands
  3 gnoll sergeants
  15 bullfrogs
  2 necrophages
  6 earth elementals
  2 scorpions
  A cane toad simulacrum (Lair:5)
  A hornet simulacrum (Gauntlet)
  An elephant simulacrum (Lair:5)
  7 killer bees
  2 howler monkeys
  7 hounds
  A jelly (Abyss:2)
  38 orc priests
  An iron imp (Abyss:2)
  3 iguanas (D:6)
  27 orc wizards
  10 hell rats
  A boggart skeleton (Crypt:2)
  An ice beast zombie (Crypt:1)
  2 naga zombies
  A deep dwarf skeleton (Crypt:2)
  11 gnolls
  13 adders
  A river rat (D:4)
  A white imp (D:8)
  3 ufetubi
  An adder zombie (Crypt:1)
  3 worms
  2 dart slugs
  121 orcs
  11 bats
  A bat skeleton (Crypt:2)
  5 endoplasms
  13 giant cockroaches
  11 goblins
  11 hobgoblins
  7 jackals
  11 quokkas
  14 ball pythons
  8 frilled lizards
  40 kobolds
  5 rats
  2 briar patches (Lair:2)
  A bush (Lair:4)
  A butterfly (Lair:5)
  2 fungi (Depths:4)
  2 plants (Depths:4)
2774 creatures vanquished.

Vanquished Creatures (collateral kills)
  A black draconian (Zot:3)
  A fire dragon (Depths:2)
  An orb spider (Spider:4)
  A bunyip simulacrum (Crypt:1)
  A hell rat (Hell)
5 creatures vanquished.

Vanquished Creatures (others)
  A demonic plant (D:15)
  110 fire vortices
  208 foxfires
  34 fungi
  69 plants
  27 withered plants (Lair:5)
449 creatures vanquished.

Grand Total: 3228 creatures vanquished

Table legend:
 A = Non-vault XP
 B = Vault XP
 C = Vault XP percentage of total XP
 D = Non-vault monster count
 E = Vault monster count
 F = Vault count percentage of total count
                 A         B        C        D         E       F
            +---------+---------+-------+---------+---------+-------
      Total |  758484 |  925861 |  55.0 |    1610 |    1140 |  41.5
            +---------+---------+-------+---------+---------+-------
        D:1 |      53 |       0 |   0.0 |      31 |       0 |   0.0
        D:2 |      40 |       3 |   7.0 |      16 |       2 |  11.1
        D:3 |      94 |       0 |   0.0 |      18 |       0 |   0.0
        D:4 |     413 |     342 |  45.3 |      29 |      14 |  32.6
        D:5 |     314 |       0 |   0.0 |       8 |       0 |   0.0
        D:6 |     697 |       0 |   0.0 |      17 |       0 |   0.0
        D:7 |    1010 |    1062 |  51.3 |       6 |       2 |  25.0
        D:8 |    2566 |       0 |   0.0 |      33 |       0 |   0.0
        D:9 |    1293 |    1193 |  48.0 |      18 |       3 |  14.3
       D:10 |    4100 |     272 |   6.2 |      24 |      12 |  33.3
       D:11 |    4539 |    4331 |  48.8 |      18 |      15 |  45.5
       D:12 |    7066 |    6056 |  46.2 |      34 |      11 |  24.4
       D:13 |    7655 |    6769 |  46.9 |      15 |      11 |  42.3
       D:14 |    5424 |    1705 |  23.9 |      13 |       5 |  27.8
       D:15 |   10609 |    9006 |  45.9 |      20 |      20 |  50.0
     Lair:1 |    5687 |    1652 |  22.5 |      23 |       7 |  23.3
     Lair:2 |    7906 |    2031 |  20.4 |      25 |      11 |  30.6
     Lair:3 |    6638 |    6388 |  49.0 |      30 |      25 |  45.5
     Lair:4 |    3201 |     444 |  12.2 |      13 |       1 |   7.1
     Lair:5 |   16502 |   18404 |  52.7 |      46 |      33 |  41.8
   Shoals:1 |   10159 |    1786 |  15.0 |      22 |       1 |   4.3
   Shoals:2 |   12166 |    5656 |  31.7 |      28 |       6 |  17.6
   Shoals:3 |    8356 |   10369 |  55.4 |      20 |      13 |  39.4
   Shoals:4 |   17115 |   29616 |  63.4 |      33 |      57 |  63.3
   Spider:1 |   22935 |    3247 |  12.4 |      68 |       4 |   5.6
   Spider:2 |   18813 |    5817 |  23.6 |      43 |       6 |  12.2
   Spider:3 |   17931 |    1356 |   7.0 |      44 |       1 |   2.2
   Spider:4 |   13964 |   17097 |  55.0 |      33 |      33 |  50.0
    Slime:1 |   15505 |    2865 |  15.6 |      27 |      10 |  27.0
    Slime:2 |    4296 |       0 |   0.0 |       9 |       0 |   0.0
    Slime:4 |    3179 |    4116 |  56.4 |       4 |       5 |  55.6
    Slime:5 |    9614 |   22667 |  70.2 |      23 |      17 |  42.5
      Orc:1 |    5150 |       0 |   0.0 |      57 |       0 |   0.0
      Orc:2 |    5781 |   11195 |  65.9 |      58 |      65 |  52.8
      Elf:1 |   24781 |    8491 |  25.5 |      38 |      14 |  26.9
      Elf:2 |   19342 |   28889 |  59.9 |      31 |      40 |  56.3
      Elf:3 |   15854 |   34347 |  68.4 |      24 |      30 |  55.6
   Vaults:1 |   35881 |   23164 |  39.2 |      62 |      33 |  34.7
   Vaults:2 |   27373 |   16378 |  37.4 |      54 |      21 |  28.0
   Vaults:3 |   17963 |   35279 |  66.3 |      28 |      53 |  65.4
   Vaults:4 |   15774 |   27283 |  63.4 |      31 |      34 |  52.3
   Vaults:5 |   45421 |  116495 |  71.9 |      66 |      97 |  59.5
    Crypt:1 |   36681 |       0 |   0.0 |      66 |       0 |   0.0
    Crypt:2 |   27404 |   30850 |  53.0 |      41 |      35 |  46.1
    Crypt:3 |       0 |   58944 | 100.0 |       0 |      92 | 100.0
   Depths:1 |    9320 |       0 |   0.0 |       9 |       0 |   0.0
   Depths:2 |   22918 |   32000 |  58.3 |      29 |      31 |  51.7
   Depths:3 |   15053 |   25147 |  62.6 |      22 |      25 |  53.2
   Depths:4 |       0 |  106687 | 100.0 |       0 |      87 | 100.0
       Hell |   12804 |   23991 |  65.2 |      26 |      36 |  58.1
      Zot:1 |   10631 |    6111 |  36.5 |       7 |       2 |  22.2
      Zot:2 |   28313 |   33582 |  54.3 |      21 |      17 |  44.7
      Zot:3 |   56045 |    2334 |   4.0 |      43 |       2 |   4.4
      Zot:4 |   37024 |       0 |   0.0 |      29 |       0 |   0.0
      Zot:5 |   27542 |  135712 |  83.1 |      22 |      48 |  68.6
    Abyss:2 |   21589 |       0 |   0.0 |      55 |       0 |   0.0
      Sewer |       0 |     190 | 100.0 |       0 |      27 | 100.0
     Bailey |       0 |    1684 | 100.0 |       0 |      17 | 100.0
   Gauntlet |       0 |    2858 | 100.0 |       0 |       9 | 100.0
            +---------+---------+-------+---------+---------+-------

Illustrated notes

Table legend:
 A = Kills in this place as a percentage of kills in entire the game.
 B = Kills by you in this place as a percentage of kills by you in the entire game.
 C = Kills by friends in this place as a percentage of kills by friends in the entire game.
 D = Other kills in this place as a percentage of other kills in the entire game.
 E = Experience gained in this place as a percentage of experience gained in the entire game.
 F = Experience gained in this place divided by the number of levels of this place that you have seen.
                   A       B       C       D       E      F
               +-------+-------+-------+-------+-------+----------------------
         Total | 100.0 | 100.0 | 100.0 |   N/A | 100.0 | 27643.0
       Dungeon |  14.4 |  14.4 |   0.0 |   N/A |   4.5 | 5107.5
          Lair |   7.8 |   7.8 |   0.0 |   N/A |   4.1 | 13770.6
        Shoals |   6.5 |   6.6 |   0.0 |   N/A |   5.6 | 23805.8
   Spider Nest |   8.4 |   8.4 |  20.0 |   N/A |   6.0 | 25290.0
    Slime Pits |   3.5 |   3.5 |   0.0 |   N/A |   3.7 | 12448.4
  Orcish Mines |   6.5 |   6.6 |   0.0 |   N/A |   1.3 | 11063.0
   Elven Halls |   6.4 |   6.4 |   0.0 |   N/A |   7.8 | 43901.3
        Vaults |  17.4 |  17.4 |   0.0 |   N/A |  21.4 | 72202.2
         Crypt |   8.5 |   8.5 |  20.0 |   N/A |   9.1 | 51293.0
        Depths |   7.4 |   7.4 |  20.0 |   N/A |  12.5 | 52781.2
          Hell |   2.3 |   2.2 |  20.0 |   N/A |   2.2 | 36795.0
           Zot |   7.0 |   7.0 |  20.0 |   N/A |  20.1 | 67834.6
         Abyss |   2.0 |   2.0 |   0.0 |   N/A |   1.3 | 21589.0
         Sewer |   1.0 |   1.0 |   0.0 |   N/A |   0.0 | 190.0
        Bailey |   0.6 |   0.6 |   0.0 |   N/A |   0.1 | 1684.0
      Gauntlet |   0.3 |   0.3 |   0.0 |   N/A |   0.2 | 2858.0
               +-------+-------+-------+-------+-------+----------------------

Table legend: (Time is in decaauts)
 A = Elapsed time spent in this place.
 B = Non-inter-level travel time spent in this place.
 C = Inter-level travel time spent in this place.
 D = Time resting spent in this place.
 E = Time spent auto-exploring this place.
 F = Levels seen in this place.
 G = Mean time per level.
                   A        B        C        D        E       F      G
               +--------+--------+--------+--------+--------+-----+--------+
         Total |  83779 |  77989 |   5790 |  23940 |  37488 |  61 | 1373.4 |
       Dungeon |  19551 |  17646 |   1905 |   3337 |  10478 |  15 | 1303.4 |
        Temple |     10 |     10 |      0 |      0 |      0 |   1 |   10.0 |
          Lair |  11869 |  10757 |   1112 |   4013 |   4216 |   5 | 2373.8 |
        Shoals |   5852 |   5644 |    208 |   1636 |   3027 |   4 | 1463.0 |
   Spider Nest |   6919 |   6526 |    393 |   2589 |   2555 |   4 | 1729.8 |
    Slime Pits |   1222 |   1171 |     51 |    718 |    100 |   5 |  244.4 |
  Orcish Mines |   2592 |   2247 |    345 |    985 |    804 |   2 | 1296.0 |
   Elven Halls |   4237 |   3986 |    251 |    903 |   2223 |   3 | 1412.3 |
        Vaults |  10666 |   9825 |    841 |   3089 |   5034 |   5 | 2133.2 |
         Crypt |   3768 |   3626 |    142 |    733 |   2147 |   3 | 1256.0 |
        Depths |   6024 |   5807 |    217 |   1846 |   3354 |   4 | 1506.0 |
          Hell |    242 |    240 |      2 |    125 |      4 |   1 |  242.0 |
           Zot |   8367 |   8050 |    317 |   3422 |   3145 |   5 | 1673.4 |
         Abyss |    521 |    521 |      0 |     16 |      0 |   1 |  521.0 |
         Sewer |    695 |    695 |      0 |    200 |    105 |   1 |  695.0 |
        Bailey |    581 |    581 |      0 |    254 |     81 |   1 |  581.0 |
      Gauntlet |    655 |    655 |      0 |     73 |    212 |   1 |  655.0 |
               +--------+--------+--------+--------+--------+-----+--------+

Top non-repeatable levels by time:
  Lair:3: 3068 daAuts
Vaults:4: 3042 daAuts
Vaults:1: 2834 daAuts
Spider:1: 2485 daAuts
  Lair:5: 2418 daAuts
   Zot:4: 2344 daAuts
  Lair:4: 2267 daAuts
Spider:3: 2250 daAuts
  Lair:2: 2165 daAuts
Shoals:4: 2112 daAuts
    D:11: 1983 daAuts
  Lair:1: 1949 daAuts
    D:10: 1889 daAuts
   Zot:1: 1844 daAuts
    D:12: 1823 daAuts
